 Dungeon Crawl Stone Soup version bcrawl-1.39.2 (webtiles) character file.

Game seed: 17443900050413249228

34893757 Artagas the Grand Master (level 27, 318/318 HPs)
             Began as a Grey Draconian Archaeologist on Oct 9, 2023.
             Was the Champion of Wu Jian.
             Escaped with the Orb
             ... and 15 runes on Oct 10, 2023!
             The game lasted 04:59:41 (61747 turns).

Artagas the Grand Master (DrAc)                    Turns: 61747, Time: 04:59:41

Health: 318/318    AC: 37    Str: 24    XL:     27
Magic:  38/38      EV: 29    Int: 15    God:    Wu Jian [******]
Gold:   8822       SH: 37    Dex: 18    Spells: 15/48 levels left

rFire    + + .     GDR:     39%   - Stone fists (74.4)
rCold    + + .     SeeInvis .   O - +6 large shield "Ebecitiv" {rCorr Str+2 Dex+3}
rNeg     + . .     Gourm    .   (armour unavailable)
rPois    ∞         Faith    .   I - +2 hat
rElec    +         Spirit   .   y - +2 cloak of Bitterness {rElec rF+}
rCorr    +         Reflect  +   (gloves currently unavailable)
MR       +++++                  (boots currently unavailable)
Stlth    +.........             x - amulet "Vuawosto" {Reflect rElec rC+ SH+5}
HPRegen  1.03/turn              p - +6 ring of protection
MPRegen  0.26/turn              S - ring "Jaigrac" {+Fly MR+++ Str+5 Int-2}

@: statue-form (expiring), resistant, very slightly contaminated, hasted,
glowing, studying 2 skills, heavenly storm, quick
A: (walk through water), unfitting armour, horns 1, clumsy 1, frail 1, magic
resistance 1, regeneration 1, wild magic 1, unbreathing, cold-blooded, AC +18
0: Orb of Zot
}: 15/15 runes: decaying, slimy, silver, golden, iron, obsidian, icy, bone,
abyssal, demonic, glowing, magical, fiery, dark, gossamer
a: End Transformation, Wall Jump, Serpent's Lash, Heavenly Storm, Renounce
Religion, Evoke Flight


You escaped.
You worshipped Wu Jian.
Wu Jian was exalted by your worship.
You were not hungry.
You were a stone statue.
You visited 18 branches of the dungeon, and saw 61 of its levels.
You visited Pandemonium 3 times, and saw 15 of its levels.
You visited the Abyss 1 time.
You visited 3 bazaars.
You also visited: Trove, Gauntlet, Wizlab and Desolation.

You collected 15596 gold pieces.
You spent 6774 gold pieces at shops.

Inventory:

Missiles
 W - 284 javelins (quivered)
 Z - 4 throwing nets {=f}
Armour
 g - a +2 pair of gloves of strength (melded)
   (You acquired it on level 2 of the Dungeon)
 i - a +2 pair of boots of running (melded)
   (You acquired it on level 3 of the Elven Halls)
 y - the +2 cloak of Bitterness (worn) {rElec rF+}
   (You found it in a Gauntlet)

   It protects you from fire.
   It insulates you from electricity.
 I - a +2 hat (worn)
 O - the +6 large shield "Ebecitiv" (worn) {rCorr Str+2 Dex+3}
   (You took it off a daeva in Pandemonium)

   It affects your strength (+2).
   It affects your dexterity (+3).
   It provides partial protection from all sources of acid and corrosion.
Jewellery
 a - the ring "Sorerei" {+Inv rPois rF+ Str+2 Int-3 SInv}
   (You found it on level 3 of the Elven Halls)

   [ring of intelligence]

   It affects your strength (+2).
   It affects your intelligence (-3).
   It protects you from fire.
   It protects you from poison.
   It lets you see invisible.
   It lets you turn invisible.
 m - the ring "Nauhousaq" {+Fly rElec rF+ MR+}
   (You acquired it in Pandemonium)

   [ring of flight]

   It protects you from fire.
   It insulates you from electricity.
   It affects your resistance to hostile enchantments.
   It lets you fly.
 p - a +6 ring of protection (left hand)
   (You bought it in a shop in the Orcish Mines)
 r - the ring "Veumiss" {rN+ Int+8}
   (You took it off a seraph in Pandemonium)

   [ring of intelligence]

   It affects your intelligence (+8).
   It protects you from negative energy.
 x - the amulet "Vuawosto" (around neck) {Reflect rElec rC+ SH+5}
   (You found it on level 3 of the Tomb of the Ancients)

   [amulet of reflection]

   It shields you and reflects attacks.
   It protects you from cold.
   It insulates you from electricity.
   It affects your SH (+5).
 L - an uncursed amulet of regeneration
   (You found it on level 6 of the Dungeon)
 S - the ring "Jaigrac" (right hand) {+Fly MR+++ Str+5 Int-2}
   (You found it in a wizard's laboratory)

   [ring of flight]

   It affects your strength (+5).
   It affects your intelligence (-2).
   It affects your resistance to hostile enchantments.
   It lets you fly.
Wands
 j - a wand of clouds (7)
   (You bought it in a shop in the Orcish Mines)
 v - a wand of digging (102)
   (You bought it in a shop in a bazaar)
 E - a wand of iceblast (47)
   (You bought it in a shop in a bazaar)
 G - a wand of paralysis (48)
   (You bought it in a shop in a bazaar)
 K - a wand of acid (27)
   (You bought it in a shop in a bazaar)
 X - a wand of charming (25)
   (You found it on level 2 of the Swamp)
Scrolls
 k - 5 scrolls of immolation
 t - 25 scrolls of teleportation
 z - 7 scrolls of blinking
 C - 3 scrolls of fear
 D - 3 scrolls of vulnerability
 H - 26 scrolls of remove curse
 N - 6 scrolls of revelation
 Q - 11 scrolls of fog
 V - 6 scrolls of summoning
 Y - 6 scrolls of silence
Potions
 c - 9 potions of flight
 d - 4 potions of might
 f - a potion of magic
 l - 5 potions of cancellation
 q - 23 potions of curing
 s - 11 potions of agility
 u - 3 potions of berserk rage
 w - 7 potions of heal wounds
 B - 11 potions of mutation
 F - 4 potions of brilliance
 T - 10 potions of ambrosia
Miscellaneous
 b - a lamp of fire
   (You found it on level 3 of the Swamp)
 o - a lightning rod (4/4)
   (You found it in the Desolation of Salt)
 A - 5 phantom mirrors
 J - a fan of gales (1/2)
   (You bought it in a shop in a bazaar)
 P - a phial of floods
   (You found it on level 4 of the Lair of Beasts)
 R - 11 boxes of beasts
 U - a figurine of a ziggurat {!*}
Comestibles
 e - 24 rations {!d}


   Skills:
 O Level 27 Fighting
 - Level 1.0 Maces & Flails
 - Level 3.0 Throwing
 + Level 24.7 Dodging
 - Level 3.0 Stealth
 + Level 25.1 Shields
 O Level 27 Unarmed Combat
 - Level 11.0 Spellcasting
 - Level 8.0 Hexes
 - Level 8.0 Charms
 - Level 19.0 Transmutations
 - Level 9.0 Fire Magic
 - Level 20.0 Earth Magic
 - Level 15.0 Evocations


You had 15 spell levels left.
You knew the following spells:

 Your Spells              Type           Power        Failure   Level  Hunger
a - Sticks to Snakes      Tmut           ######..     1%          2    None
b - Inner Flame           Hex/Fire       N/A          13%         3    None
c - Passwall              Tmut/Erth      ######..     1%          2    None
d - Blade Hands           Tmut           ######....   2%          5    ###....
e - Song of Slaying       Chrm           #####...     8%          2    None
f - Lee's Rapid Deconstr  Erth           ######....   1%          5    ###....
g - Statue Form           Tmut/Erth      ######...    8%          6    #####..
h - Yara's Violent Unrav  Hex/Tmut       ######....   6%          4    None
i - Tree Form             Hex/Tmut       N/A          6%          4    None

Your spell library contained the following spells:

 Spells                   Type           Power        Failure   Level  Hunger
 Beastly Appendage        Tmut           ######       1%          1    None
 Sandblast                Erth           ######       1%          1    None
 Petrify                  Tmut/Erth      ######....   1%          4    None
 Infusion                 Chrm           #####...     5%          1    None
 Flaming Arrows           Chrm/Fire      #####...     7%          2    None
 Stone Arrow              Conj/Erth      #####.       7%          3    None
 Shackle                  Hex            #####...     8%          2    None
 Spider Form              Tmut/Pois      ###          9%          3    None
 Confuse                  Hex            #####...     14%         3    None
 Spectral Weapon          Hex/Chrm       #####...     14%         3    None
 Tukima's Dance           Hex            #####...     14%         3    None
 Flame Tongue             Conj/Fire      ####.        21%         1    None
 Ice Form                 Ice/Tmut       #####...     26%         4    None
 Ensorcelled Hibernation  Hex/Ice        ####..       34%         2    None
 Swiftness                Chrm/Air       ####....     34%         2    None
 Dragon Form              Tmut           ######.      38%         7    ######.
 Cause Fear               Hex            #####.....   41%         4    None
 Conjure Flame            Conj/Fire      ####....     47%         3    None
 Throw Frost              Conj/Ice       ##....       52%         2    None
 Bolt of Magma            Conj/Fire/Erth #####.....   52%         5    ###....
 Dazzling Orbs            Conj/Hex       ####...      54%         3    None
 Ozocubu's Armour         Chrm/Ice       ####....     54%         3    None
 Regeneration             Chrm/Necr      ####......   54%         3    None
 Irradiate                Conj/Tmut      #####.....   54%         5    ###....
 Steam Barrier            Chrm/Fire      #####.....   67%         5    ###....
 Apportation              Tloc           ##....       73%         1    None
 Blink Other              Tloc           ##....       73%         1    None
 Freeze                   Ice            ##....       73%         1    None
 Magic Dart               Conj           ##..         73%         1    None
 Necrotize                Necr           ##....       73%         1    None
 Static Discharge         Air            ##....       73%         1    None
 Sting                    Conj/Pois      ##..         73%         1    None
 Summon Butterflies       Summ           ##......     73%         1    None
 Summon Small Mammal      Summ           ##..         73%         1    None
 Piercing Shot            Chrm           #####.....   75%         5    ###....
 Blink                    Tloc           N/A          86%         2    None
 Call Imp                 Summ           ##....       86%         2    None
 Corpse Rot               Necr           N/A          86%         2    None
 Poisonous Vapours        Pois/Air       ##....       86%         2    None
 Searing Ray              Conj           ##......     86%         2    None
 Shock                    Conj/Air       ##.....      86%         2    None
 Sticky Flame             Conj/Fire      ####....     86%         4    None
 Fulminant Prism          Conj/Hex       ####......   90%         4    None
 Borgnjor's Vile Clutch   Necr/Erth      #####.....   95%         6    #####..
 Iron Shot                Conj/Erth      #####.....   95%         6    #####..
 Beckoning                Tloc           ##........   97%         3    None
 Call Canine Familiar     Summ           ##......     97%         3    None
 Iskenderun's Mystic Bla  Conj           ##......     97%         3    None
 Mephitic Cloud           Conj/Pois/Air  ##......     97%         3    None
 Portal Projectile        Tloc           ##....       97%         3    None
 Recall                   Summ/Tloc      N/A          97%         3    None
 Teleport Other           Tloc           ##......     97%         3    None
 Fireball                 Conj/Fire      ####......   99%         5    ###....
 Metabolic Englaciation   Hex/Ice        ####......   99%         5    ###....
 Silence                  Hex/Air        ####......   99%         5    ###....
 Summon Mana Viper        Hex/Summ       ####....     99%         5    ###....
 Darkness                 Hex            #####.....   99%         6    #####..
 Infestation              Hex/Tmut/Pois  #####....    99%         6    #####..
 Invisibility             Hex            #####...     99%         6    #####..
 Force Lance              Tloc           ##......     100%        4    None
 Lightning Bolt           Conj/Air       ##......     100%        4    None
 Summon Ice Beast         Ice/Summ       ##......     100%        4    None
 Throw Icicle             Conj/Ice       ##......     100%        4    None
 Bolt of Draining         Conj/Necr      ##........   100%        5    ###....
 Freezing Cloud           Ice/Air        ##......     100%        5    ###....
 Summon Demon             Summ           ##........   100%        5    ###....
 Summon Forest            Summ/Tloc      ##........   100%        5    ###....
 Summon Lightning Spire   Summ/Air       ##......     100%        5    ###....
 Aura of Abjuration       Summ           ##........   100%        6    #####..
 Bolt of Cold             Conj/Ice       ##........   100%        6    #####..
 Bolt of Fire             Conj/Fire      ####......   100%        6    #####..
 Conjure Ball Lightning   Conj/Air       ##........   100%        6    #####..
 Death Channel            Chrm/Necr      ####......   100%        6    #####..
 Deflect Missiles         Chrm/Air       ####......   100%        6    #####..
 Dispersal                Tloc           ##........   100%        6    #####..
 Ozocubu's Refrigeration  Ice            ##........   100%        6    #####..
 Poison Arrow             Conj/Pois      ##........   100%        6    #####..
 Simulacrum               Ice/Necr       ##......     100%        6    #####..
 Summon Hydra             Summ           ##........   100%        6    #####..
 Controlled Blink         Tloc           ##......     100%        7    ######.
 Discord                  Hex            #####.....   100%        7    ######.
 Haunt                    Necr/Summ      ##........   100%        7    ######.
 Icicle Burst             Conj/Ice       ##........   100%        7    ######.
 Malign Gateway           Summ/Tloc      ##........   100%        7    ######.
 Mana Rupture             Conj/Hex       ####......   100%        7    ######.
 Monstrous Menagerie      Summ           ##........   100%        7    ######.
 Orb of Destruction       Conj           ##........   100%        7    ######.
 Scorpion Form            Tmut/Pois      #####.....   100%        7    ######.
 Shadow Creatures         Summ           N/A          100%        7    ######.
 Spellforged Servitor     Conj/Summ      ##........   100%        7    ######.
 Summon Greater Demon     Summ           ##........   100%        7    ######.
 Borgnjor's Revivificati  Necr           ##........   100%        8    #######
 Chain Lightning          Conj/Air       ##........   100%        8    #######
 Necromutation            Tmut/Necr      #####...     100%        8    #######
 Summon Horrible Things   Summ           ##........   100%        8    #######
 Time Stop                Chrm/Tloc      N/A          100%        8    #######
 Tornado                  Tloc/Air       ##........   100%        8    #######
 Dragon's Call            Summ           ##........   100%        9    #######
 Fire Storm               Conj/Fire      ####......   100%        9    #######
 Shatter                  Erth           ######....   100%        9    #######
 Passage of Golubria      Tloc           Unusable     N/A         5    N/A

Dungeon Overview and Level Annotations

Branches:
Dungeon (12/12)            Temple (1/1) D:7            Lair (6/6) D:9
  Swamp (3/3) Lair:2       Spider (3/3) Lair:3        Slime (5/5) Orc
    Orc (1/1) D:11            Elf (3/3) Lair:5       Vaults (3/3) D:11
  Crypt (2/2) Vaults:1       Tomb (3/3) Crypt:2      Depths (5/5) D:12
   Hell (1/1)                 Dis (2/2) Hell            Geh (2/2) Hell
    Coc (2/2) Hell            Tar (2/2) Hell            Zot (5/5) Depths:5

Altars:
Ashenzari
Cheibriados
Dithmenos
Elyvilon
Fedhas
Gozag
Hepliaklqana
Kikubaaqudgha
Lugonu
Makhleb
Nemelex Xobeh
Okawaru
Qazlal
Ru
Sif Muna
Trog
Uskayaw
Vehumet
Wu Jian
Xom
Yredelemnul
Zin
The Shining One
Jiyva

Shops:
D:4 [   D:5 ([%(   D:6 (*(   D:9 (   Orc }[!=   Elf:2 %   Elf:3 *   Vaults:2 (
Depths:1 [

Portals:
Hell: Depths:1 Depths:2 Depths:3 Depths:4 Depths:5
Abyss: Depths:2 Depths:3 Depths:4
Pandemonium: Depths:3
Ziggurat: Depths:4

Annotations:
D:9 1 runed translucent door, Primalis's ghost, novice HuSp
D:12 1 runed translucent door, Cris's ghost, journeyman FrCj
Lair:1 2 transporters, DZHaart's ghost, novice SDMA
Lair:5 exclusion: oklob plant
Swamp:1 2 transporters, Nikola
Spider:3 exclusion: orange crystal statue
Zot:5 exclusion: obsidian statue


Innate Abilities, Weirdness & Mutations

((You can walk through water.))
((Your dull iron-grey scales are very hard. (AC +18)))
You cannot fit into any form of body armour.
You can survive without breathing.
You are cold-blooded and may be slowed by cold attacks.
You have a pair of small horns on your head.
You are clumsy. (Dex -2)
You are frail. (-10% HP)
You are resistant to hostile enchantments. (MR+)
Your natural rate of healing is unusually fast.
Your spells are a little harder to cast, but a little more powerful.


Message History

(V) Vaults (C) Crypt (W) Tomb (U) Depths (H) Hell (I) Dis (G) Gehenna (X) Cocytus (Y) Tartarus (Z) Zot
Where to? (Enter - D:1, ? - help)
What level of the Dungeon? (default 1, ? - help)
There is a stone staircase leading up here.
A rune on the stairs sparks and fizzles.
You climb upwards.
There is a stone staircase leading down here.
A hellion comes into view.
You fade into invisibility!
You are very lightly contaminated with residual magic.
The hellion gestures at something.
The sphere of hellfire explodes!
The damnation engulfs you! The hellion gestures at you.
The sphere of hellfire explodes!
The damnation engulfs you!!
The damnation engulfs the hellion.
The hellion completely resists.
You hit the hellion. You tail-slap the hellion.
The hellion is lightly wounded.
You block the hellion's attack.
You catch the helpless hellion completely off-guard!
You pulverise the hellion!!!
You kill the hellion!
The Council accepts your kill.
(D) Dungeon (T) Temple (L) Lair (S) Swamp (N) Spider Nest (M) Slime Pits (O) Orcish Mines (E) Elven Halls (V) Vaults (C) Crypt (W) Tomb (U) Depths (H) Hell (I) Dis (G) Gehenna (X) Cocytus (Y) Tartarus (Z) Zot
Where to? (Enter - D:1 @ (x,y), ? - help)
What level of the Dungeon? (default 1, ? - help)
There is a stone staircase leading up here.
You climb upwards.
There is a stone staircase leading down here.
You flicker for a moment.
You flicker back into view.
A shadow demon, a Shadow Fiend and a pandemonium lord come into view.
You feel yourself speed up.
The Shadow Fiend roars!
The shadow demon croaks.
You hear a chilling moan.
Press: ? - help, v - describe, . - travel
Here: Ziror, armed with an antimagic touch
Press: ? - help, v - describe, . - travel
Here: Ziror, armed with an antimagic touch You feel protected.
You block something's attack.
Deactivating autopickup; reactivate with Ctrl-A.
You block Ziror's attack.
The air is filled with shimmering golden clouds!
Sifu Ma Yunglu says: The storm will not cease as long as you keep fighting, disciple!
A lorocyproca comes into view.
The shadow demon gestures.
You block the lorocyproca's attack. You block Ziror's attack.
Your muscles tense, ready for explosive movement...
You spin and attack Ziror repeatedly, with incredible momentum.
You pummel Ziror!! Your headbutt misses Ziror.
Ziror is moderately wounded.
You hit Ziror.
Your tail-slap misses Ziror.
Ziror is moderately wounded.
You lunge with incredible momentum at the lorocyproca, in a flurry of attacks.
You pulverise the lorocyproca!!!!
Your headbutt misses the lorocyproca. You tail-slap the lorocyproca.
The lorocyproca is almost dead.
You pound the lorocyproca into fine dust!!!
You kill the lorocyproca!
The Council accepts your kill.
Reactivating autopickup.
You spin and attack Ziror repeatedly, with incredible momentum.
You pulverise Ziror!!!
Your headbutt misses Ziror.
Ziror is heavily wounded.
You pound Ziror into fine dust!!!!
You kill Ziror!
The Council accepts your kill.
You feel drained.
Your supernatural speed expires.
Your fan of gales (1/2) has regained one charge.
Your life force feels restored.
You spin and attack the Shadow Fiend.
You pummel the Shadow Fiend!! You headbutt the Shadow Fiend.
You tail-slap the Shadow Fiend!
The Shadow Fiend is moderately wounded.
You block the Shadow Fiend's attack. The Shadow Fiend completely misses you.
You spin and attack the Shadow Fiend.
Your shield prevents you from hitting the Shadow Fiend.
The Shadow Fiend is moderately wounded.
You spin and attack the shadow demon.
You pound the shadow demon into fine dust!!!!
You kill the shadow demon!
The Council accepts your kill. The Shadow Fiend barely misses you.
You block the Shadow Fiend's attack.
You spin and attack the Shadow Fiend repeatedly.
You pummel the Shadow Fiend!!
The Shadow Fiend is severely wounded.
You squash the Shadow Fiend like an ant!!!!
You kill the Shadow Fiend!
The Council accepts your kill.
There is an open door here.
There is an open door here.
You feel less exhausted.
There is an open door here.
There is a staircase leading out of the dungeon here.
The power of the Orb breaks the dimensional shunt like a soap bubble!
You have escaped!

## .##########
.........3################
..[......§§§☼§......#....#
#...######§§☼######.#....#
#...#....#☼○☼#§☼§§#.#.>..#
#...#..÷.#☼§☼#☼§8☼#..^...#
##+##....##☼##☼§§§#......#
#...###'##§§☼###☼##......#
+...'....'§☼§○☼§☼#...#####
##.###############...#
##.####.###.##.##...##
.....###..##..###...#
.###...###...###...##
##.####....#####..##


There were no monsters in sight!

Vanquished Creatures
  Cerebov (Pan)
  Dispater (Dis:2)
  Antaeus (Coc:2)
  Dissolution (Slime:4)
  3 pandemonium lords
  Gloorx Vloq (Pan)
  Ereshkigal (Tar:2)
  A seraph (Pan)
  Lom Lobon (Pan)
  Mnoleg (Pan)
  3 juggernauts
  6 orbs of fire (Zot:5)
  5 ancient liches
  Mennas (Pan)
  the Lernaean hydra (Swamp:3)
  12 greater mummies
  4 shard shrikes (Coc:2)
  Boris (Vaults:3)
  5 Killer Klowns
  4 golden dragons
  Frederick (Depths:4)
  Margery (Depths:4)
  Geryon (Hell)
  4 bone dragons
  3 rockslimes
  2 pearl dragons (Pan)
  A doom hound (Tar:2)
  21 Brimstone Fiends
  7 Shadow Fiends
  3 hellephants
  2 electric golems (Zot:5)
  9 Ice Fiends
  6 iron giants
  Frances (Swamp:1)
  13 liches
  A Cloud Mage (WizLab)
  5 tentacled monstrosities
  29 Orb Guardians
  7 Hell Sentinels
  Asterion (Depths:2)
  3 deep elf blademasters
  A titan (Vaults:3)
  4 deep elf master archers
  14 acid blobs
  7 quicksilver dragons
  14 ancient champions
  3 eldritch tentacles
  5 death cobs
  21 Executioners
  10 sphinxes
  26 ghouls
  6 storm dragons
  9 shadow dragons
  A draconian monk (Zot:2)
  5 thorn hunters
  Roxanne (Elf:2)
  6 revenants
  6 tengu reavers
  4 imperial myrmidons (Desolation)
  17 daevas
  14 iron golems
  24 war gargoyles
  8 draconian knights
  10 frost giants
  28 apis (Pan)
  10 azure jellies
  3 blood saints (Pan)
  4 iron dragons
  15 fire giants
  18 balrugs
  8 deep elf sorcerers
  15 cacodemons
  6 draconian shifters
  2 curse skulls (Pan)
  2 black suns (Pan)
  8 vault wardens
  6 emperor scorpions
  3 orc warlords
  8 ghost moths
  A draconian stormcaller (Zot:2)
  13 ironheart preservers
  4 deep elf elementalists
  6 caustic shrike skeletons
  43 very ugly things
  5 warmongers
  An eye of devastation (Depths:4)
  A spriggan defender (Depths:3)
  42 reapers
  4 draconian annihilators
  16 ophanim (Pan)
  2 elemental wellsprings (Coc:2)
  A draconian scorcher (Zot:5)
  25 angels
  2 corrupters (Pan)
  19 stone giants
  13 deep elf demonologists
  6 vampire knights
  11 green draconians
  22 bennus
  A minotaur (Gauntlet)
  10 black draconians
  7 lorocyprocas
  6 red draconians
  2 pale draconians (Depths:5)
  5 deep elf annihilators
  9 spark wasps
  2 entropy weavers
  2 eidola
  8 white draconians
  13 yellow draconians
  3 dire elephants (Vaults:1)
  Snorg (Lair:6)
  7 ragged hierophants (Desolation)
  10 ettins
  2 purple draconians (Zot:2)
  A crystal guardian (Desolation)
  2 quicksilver dragon zombies (Dis:1)
  16 blizzard demons
  10 green deaths (Pan)
  8 deep elf death magi
  A merfolk impaler (Depths:1)
  2 deep elf high priests
  18 mummy priests
  14 yaktaur captains
  8 fire dragons
  Josephine (Lair:6)
  25 vault guards
  3 monstrous demonspawn (Pan)
  19 ice dragons
  6 servants of whispers (Desolation)
  Erica (Orc)
  6 spriggan air magi
  20 hydras
  3 peacekeepers (Desolation)
  A hell beast (Depths:2)
  5 rakshasas
  2 shambling mangroves
  6 ogre magi
  17 shadow wraiths
  7 ghost crabs
  2 death oozes (Slime:5)
  10 deep troll shamans
  16 two-headed ogres
  30 dancing weapons
  8 great orbs of eyes
  3 death knights
  2 ancient automatons
  31 death scarabs
  3 hell hogs (Geh:2)
  2 spectral stone giants
  6 death yaks (Lair:6)
  9 alligators
  An ironheart beastmaster (Vaults:1)
  3 orc high priests (Orc)
  6 deep troll earth magi
  2 vampire magi
  A titan zombie (Hell)
  4 tengu warriors
  29 sun demons
  8 spriggan berserkers
  17 soul eaters
  17 deep elf knights
  A shock serpent (WizLab)
  A storm dragon zombie (Dis:1)
  20 deep trolls
  A goliath frog (Lair:6)
  94 skeletal warriors
  2 wretched stars
  12 iron trolls
  2 storm dragon skeletons
  2 spatial maelstroms
  2 fire crabs (shapeshifter)
  41 hell knights
  A golden dragon zombie (Dis:1)
  21 centaur warriors
  15 sixfirhies
  A ghost moth zombie (Dis:1)
  A glowing orange brain (shapeshifter) (Depths:3)
  5 titan skeletons
  7 flayed ghosts
  5 death drakes
  A spriggan druid (Swamp:3)
  14 wizards
  2 unseen horrors
  2 torturous demonspawn (Pan)
  5 anaconda zombies
  A spectral iron dragon (Tar:2)
  15 phantasmal warriors
  4 gelid demonspawn
  21 shadow demons
  19 starcursed masses
  16 cherubim
  5 infernal demonspawn (Pan)
  7 swamp dragons (Swamp:3)
  10 ironheart convokers
  3 spectral wolf spiders (Spider:3)
  2 cyclopes
  A wolf spider zombie (Spider:3)
  7 glowing orange brains
  3 orange crystal statues
  15 deep elf archers
  2 obsidian statues
  13 necromancers
  18 wolf spiders
  6 orc knights
  3 golden dragon skeletons
  2 harpies (shapeshifter)
  3 shadow dragon skeletons
  2 iron dragon zombies
  A stone giant zombie (Tomb:3)
  55 ugly things
  2 frost giant zombies
  18 orb spiders
  6 apocalypse crabs (WizLab)
  5 shining eyes
  60 deep elf magi
  A moth of wrath (shapeshifter) (Vaults:3)
  A spectral fire dragon (Tar:2)
  7 iron dragon skeletons
  A worldbinder (Abyss:1)
  A manticore (D:12)
  5 fire giant skeletons
  9 orc sorcerers
  2 fire giant zombies
  A black mamba (shapeshifter) (Abyss:2)
  15 moths of wrath
  An elephant (D:9)
  4 frost giant skeletons
  23 smoke demons
  6 guardian serpents (Desolation)
  5 black mambas
  14 will-o'-wisps
  22 rust devils
  13 molten gargoyles
  An alligator snapping turtle zombie (Crypt:2)
  2 stone giant skeletons
  12 vault sentinels
  A torpor snail (Spider:3)
  14 cane toads
  3 ice statues (Coc:2)
  16 orange demons
  5 dire elephant skeletons
  25 demonic crawlers
  A minotaur zombie (Gauntlet)
  25 jumping spiders
  A rime drake (Lair:1)
  11 komodo dragons
  A catoblepas zombie (Crypt:1)
  4 efreet
  16 hellions
  18 tormentors
  2 shock serpent skeletons (Crypt:2)
  A kobold demonologist (D:10)
  17 freezing wraiths
  30 yaktaurs
  56 flying skulls
  An eye of draining (Abyss:1)
  27 ice devils
  6 tengu conjurers
  4 spectral jumping spiders (Spider:3)
  A dryad (D:9)
  A white draconian skeleton (Crypt:2)
  A ghost moth simulacrum (Hell)
  35 guardian mummies
  3 meliai (Spider:2)
  A silent spectre (Tar:2)
  20 red devils
  A catoblepas skeleton (Crypt:2)
  17 hellwings
  A wolf spider simulacrum (Coc:2)
  5 trolls
  4 ancient zymes (Abyss:2)
  3 hydra zombies
  5 wind drakes (WizLab)
  A polar bear (shapeshifter) (Depths:3)
  A tyrant leech (shapeshifter) (Depths:1)
  6 polar bears
  A harpy zombie (Hell)
  A merfolk (shapeshifter) (Vaults:1)
  4 spectral tarantellas (Spider:3)
  4 tyrant leeches
  5 hydra skeletons
  21 blink frogs
  24 hornets
  Grinder (D:6)
  47 saltlings (Desolation)
  90 slime creatures
  A tarantella zombie (Crypt:2)
  2 harpy skeletons
  A raiju (shapeshifter) (Vaults:3)
  8 hippogriffs
  2 blink frogs (shapeshifter) (Vaults:3)
  4 spectral redbacks (Spider:3)
  A hippogriff (shapeshifter) (Depths:2)
  Grum (D:9)
  2 frost giant simulacra
  A meliai zombie (D:10)
  15 bog bodies
  3 alligator zombies
  A fire giant simulacrum (Depths:2)
  A spriggan (shapeshifter) (Depths:2)
  2 stone giant simulacra
  16 wraiths
  12 air elementals
  24 spriggans
  39 large abominations
  19 water elementals
  An ettin skeleton (Geh:2)
  An ice dragon skeleton (Crypt:2)
  4 shadows
  26 yaks
  Sigmund (D:2)
  A black mamba zombie (Crypt:2)
  6 fire bats
  2 fire dragon skeletons
  A wyvern (D:11)
  A yak (shapeshifter) (Depths:1)
  30 tarantellas
  2 ushabtiu (Tomb:3)
  14 ynoxinuls
  4 hogs (D:9)
  A black mamba skeleton (Geh:2)
  4 golden eyes
  3 steam dragons (Depths:5)
  A human (D:9)
  A basilisk (D:12)
  9 fire elementals
  4 hungry ghosts
  11 neqoxecs
  8 chaos spawn
  A deep troll zombie (Crypt:2)
  42 redbacks
  18 vampire mosquitoes
  5 wargs (Orc)
  4 spatial vortices
  4 acid dragons
  16 crocodiles
  A swamp worm (shapeshifter) (Depths:4)
  16 swamp worms
  2 cane toad zombies (Coc:2)
  A jumping spider zombie (Spider:3)
  A spectral snapping turtle (Coc:1)
  10 hell hounds (Geh:2)
  8 porcupines
  A floating eye (shapeshifter) (Vaults:3)
  A hydra simulacrum (Hell)
  5 water moccasins
  9 swamp drakes
  27 orc warriors
  4 spectral hornets (Spider:3)
  2 alligator simulacra (Hell)
  A floating eye (Depths:4)
  6 ice beasts
  2 phantoms
  9 small abominations
  A soldier ant (D:7)
  4 sky beasts
  4 cane toad skeletons
  3 black bears (Lair:6)
  An ettin simulacrum (Hell)
  12 necrophages
  20 ogres
  2 swamp dragon skeletons
  An ice dragon simulacrum (Coc:2)
  29 wolves
  A blink frog skeleton (Crypt:1)
  7 boggarts
  An elephant skeleton (Crypt:1)
  2 manticore skeletons (Crypt:2)
  4 snapping turtle skeletons
  A kobold brigand (D:5)
  13 bullfrogs
  A gnoll sergeant (D:11)
  A cane toad simulacrum (Hell)
  4 earth elementals
  A hippogriff skeleton (Crypt:1)
  An elf skeleton (Pan)
  8 centaurs
  5 scorpions
  A wyvern skeleton (D:9)
  2 spriggan zombies
  A raiju skeleton (Crypt:2)
  15 killer bees
  A statue (D:9)
  A troll skeleton (Crypt:2)
  18 wights
  14 orc priests
  2 howler monkeys
  3 electric eels
  A lava snake (Elf:3)
  6 crimson imps
  2 quasits (Depths:3)
  6 hounds
  6 jellies
  A bullfrog skeleton (D:7)
  A gnoll shaman (D:5)
  4 iguanas
  13 iron imps
  Jessica (D:2)
  16 orc wizards
  9 hell rats (Hell)
  14 worker ants
  A porcupine skeleton (D:10)
  A sky beast zombie (Crypt:1)
  An ogre zombie (Coc:2)
  A deep dwarf skeleton (Crypt:1)
  A tengu skeleton (Geh:2)
  A hound zombie (D:8)
  An ogre skeleton (Dis:1)
  2 hound skeletons
  23 mummies
  Robin (D:2)
  A worker ant zombie (D:6)
  A centaur zombie (Hell)
  3 gnolls (D:5)
  6 adders
  A shadow imp (Depths:3)
  20 white imps
  2 ufetubi
  An ooze (Orc)
  An adder zombie (D:7)
  An iguana zombie (Crypt:2)
  3 adder skeletons
  4 worms
  A dart slug (D:1)
  4 leopard geckos
  88 orcs
  4 ball pythons
  4 bats
  A giant cockroach (D:1)
  7 hobgoblins
  12 jackals
  5 kobolds
  6 quokkas
  3 frilled lizards
  A frilled lizard zombie (Crypt:2)
  A gnoll zombie (Crypt:1)
  10 goblins
  A jackal skeleton (D:4)
  A kobold skeleton (Pan)
  An orc skeleton (Dis:2)
  5 rats
  A river rat skeleton (Crypt:1)
  A ball lightning (Pan)
  2 briar patches (Swamp:1)
  7 fire vortices
  2 lurking horrors (Abyss:1)
  Asmodeus (Geh:2)
3580 creatures vanquished.

Vanquished Creatures (collateral kills)
  An acid blob (Slime:1)
  Louise (Swamp:3)
  A bog body (Swamp:3)
  2 slime creatures (Slime:3)
  A swamp drake (Swamp:3)
  A ball lightning (Pan)
7 creatures vanquished.

Vanquished Creatures (others)
  the Royal Jelly (Slime:5)
  An eldritch tentacle (Tar:2)
  5 azure jellies (Slime:5)
  An eye of devastation (Zot:2)
  2 deep elf demonologists
  A green death (Pan)
  2 spriggan air magi (WizLab)
  2 death oozes (Slime:5)
  8 death scarabs (Tomb:2)
  2 deep elf knights
  5 centaur warriors (Vaults:2)
  2 wizards
  6 ugly things (Vaults:2)
  4 deep elf magi
  2 smoke demons (Pan)
  A tormentor (Geh:2)
  11 flying skulls
  A troll (D:11)
  4 slime creatures
  A fire dragon zombie (Tomb:2)
  3 orc warriors (D:11)
  A boggart (Vaults:2)
  2 ogres (D:11)
  4 kobold brigands (D:11)
  3 gnoll sergeants (D:11)
  A deep troll simulacrum (Vaults:2)
  A hell rat (Hell)
  An ogre skeleton (Geh:2)
  6 mummies (Tomb:2)
  3 gnolls (D:11)
  A white imp (Coc:2)
  3 orcs (D:11)
  9 ball lightnings (Pan)
  6 fungi
  12 plants
  4 starspawn tentacles (Abyss:4)
122 creatures vanquished.

Grand Total: 3709 creatures vanquished

Notes
Turn   | Place    | Note
-------+----------+-------------------------------------------
     0 | D:1      | Artagas the Draconian Archaeologist began the quest for the
                  | Orb.
     0 | D:1      | Reached XP level 1. HP: 16/16 MP: 1/1
   174 | D:1      | Reached skill level 1 in Unarmed Combat
   226 | D:1      | Reached XP level 2. HP: 24/24 MP: 2/2
   317 | D:1      | Reached skill level 2 in Fighting
   862 | D:1      | Reached XP level 3. HP: 28/30 MP: 3/3
  1080 | D:2      | Reached skill level 2 in Unarmed Combat
  1460 | D:2      | Reached skill level 3 in Fighting
  1551 | D:2      | Noticed Jessica
  1554 | D:2      | Killed Jessica
  1555 | D:2      | Reached XP level 4. HP: 36/38 MP: 4/4
  1583 | D:2      | Identified the +0 helmet of a bazaar {rPois}
  1583 | D:2      | Noticed Robin
  1597 | D:2      | Killed Robin
  1650 | D:2      | Noticed Sigmund
  1773 | D:2      | Killed Sigmund
  1774 | D:2      | Reached skill level 4 in Fighting
  1774 | D:2      | Reached skill level 4 in Unarmed Combat
  1774 | D:2      | Reached XP level 5. HP: 47/47 MP: 5/5
  1774 | D:2      | Identified a scroll of acquirement
  1778 | D:2      | Identified the ring of Akakhasuyh {rN+ Int+5} (You acquired
                  | it on level 2 of the Dungeon)
  2109 | D:3      | Noticed a sky beast
  2132 | D:2      | Reached XP level 6. HP: 46/53 MP: 6/6
  2140 | D:2      | Killed a sky beast
  2141 | D:2      | Reached skill level 5 in Fighting
  2273 | D:3      | Found a corrupted altar of Lugonu.
  2994 | D:4      | Reached skill level 5 in Unarmed Combat
  2994 | D:4      | Your scales start taking on a dull iron-grey colour.
  2994 | D:4      | Reached XP level 7. HP: 59/62 MP: 7/7
  2994 | D:4      | Gained mutation: You can survive without breathing. [Grey
                  | Draconian growth]
  3029 | D:4      | Found Mushrej's Antique Armour Boutique.
  3308 | D:4      | Reached skill level 6 in Fighting
  3445 | D:4      | Found a snail-covered altar of Cheibriados.
  3445 | D:4      | Found a glowing silver altar of Zin.
  3654 | D:4      | Found a stormy altar of Qazlal.
  3706 | D:5      | Entered Level 5 of the Dungeon
  3706 | D:5      | Found Widyfet's Armour Shoppe.
  3818 | D:5      | Reached skill level 1 in Throwing
  3865 | D:5      | Found an opulent altar of Gozag.
  4100 | D:5      | Reached skill level 2 in Throwing
  4323 | D:5      | Reached skill level 6 in Unarmed Combat
  4329 | D:5      | Reached XP level 8. HP: 54/71 MP: 8/8
  4518 | D:5      | Found Adip's Weapon Emporium.
  4636 | D:5      | Found Osomi's Food Emporium.
  4647 | D:5      | Reached skill level 7 in Fighting
  4764 | D:5      | Found Voqawnua's Antique Weapon Boutique.
  4863 | D:5      | Reached skill level 3 in Throwing
  5315 | D:6      | Noticed a hippogriff
  5537 | D:6      | Killed a hippogriff
  5538 | D:6      | Reached skill level 7 in Unarmed Combat
  5554 | D:5      | Reached skill level 8 in Fighting
  5661 | D:6      | Found Zuonof's General Store.
  5671 | D:6      | Bought a potion of curing for 32 gold pieces
  5671 | D:6      | Bought a scroll of enchant armour for 97 gold pieces
  5671 | D:6      | Bought a wand of acid (5) for 156 gold pieces
  5684 | D:6      | Found Exof's Antique Weapon Shop.
  5787 | D:6      | Found Nycleco's Weapon Shop.
  5828 | D:6      | Found a basalt altar of Yredelemnul.
  5908 | D:6      | Found an iron altar of Okawaru.
  5984 | D:6      | Noticed Grinder
  6022 | D:6      | Killed Grinder
  6023 | D:6      | Reached XP level 9. HP: 82/82 MP: 9/9
  6127 | D:6      | Found a white marble altar of Elyvilon.
  6127 | D:6      | Found a shimmering blue altar of Sif Muna.
  6276 | D:7      | Reached skill level 8 in Unarmed Combat
  6284 | D:7      | Reached skill level 9 in Fighting
  6469 | D:7      | Found a staircase to the Ecumenical Temple.
  6473 | Temple   | Entered the Ecumenical Temple
  6747 | Temple   | Became a worshipper of the Wu Jian Council
  6929 | D:7      | Killed an unseen horror
  6930 | D:7      | Reached skill level 10 in Fighting
  6930 | D:7      | Reached skill level 9 in Unarmed Combat
  7126 | D:7      | Found a glowing golden altar of the Shining One.
  7165 | D:7      | Found a hazy altar of Hepliaklqana.
  7485 | D:8      | Reached skill level 3 in Dodging
  7485 | D:8      | Reached skill level 1 in Evocations
  7497 | D:8      | Reached XP level 10. HP: 73/94 MP: 9/11
  7649 | D:8      | Reached skill level 2 in Evocations
  7827 | D:8      | Reached * piety under Wu Jian
  8177 | D:9      | Found Demek's Antique Weapon Boutique.
  8231 | D:9      | Reached skill level 10 in Unarmed Combat
  8235 | D:9      | Reached skill level 4 in Dodging
  8235 | D:9      | Reached skill level 3 in Evocations
  8237 | D:9      | Reached skill level 11 in Fighting
  8309 | D:9      | Found a staircase to the Lair.
  8309 | D:9      | Noticed an elephant
  8329 | D:9      | Killed an elephant
  8609 | D:9      | Reached skill level 4 in Evocations
  8625 | D:9      | Noticed Grum
  8628 | D:9      | Noticed an orc knight
  8664 | D:8      | Killed an orc knight
  8665 | D:8      | Reached skill level 5 in Dodging
  8885 | D:9      | Reached ** piety under Wu Jian
  8886 | D:9      | Killed Grum
  9162 | D:9      | Reached XP level 11. HP: 91/102 MP: 14/14
  9264 | D:9      | Found a runed translucent door.
  9295 | D:9      | Found a shimmering altar of Xom.
  9295 | D:9      | Noticed Primalis's ghost (novice HuSp)
  9295 | D:9      | Noticed a +0 hand axe of chaos
  9439 | Lair:1   | Entered Level 1 of the Lair of Beasts
  9460 | Lair:1   | Found a transporter.
  9475 | Lair:1   | Reached skill level 5 in Evocations
  9601 | Lair:1   | Noticed DZHaart's ghost (novice SDMA)
  9629 | Lair:1   | Found a transporter.
 10164 | Lair:1   | Noticed a fire dragon
 10337 | Lair:2   | Found a burning altar of Makhleb.
 10430 | Lair:2   | Reached skill level 11 in Unarmed Combat
 10436 | Lair:2   | Reached skill level 6 in Dodging
 10445 | Lair:2   | Reached skill level 12 in Fighting
 10741 | Lair:2   | Reached skill level 6 in Evocations
 11103 | Lair:2   | Reached skill level 7 in Dodging
 11228 | Lair:2   | Found a staircase to the Swamp.
 11785 | Lair:3   | Reached *** piety under Wu Jian
 11857 | Lair:3   | Reached skill level 12 in Unarmed Combat
 11866 | Lair:3   | Reached skill level 8 in Dodging
 11866 | Lair:3   | Reached XP level 12. HP: 78/112 MP: 16/16
 12015 | Lair:3   | Found a hole to the Spider Nest.
 12668 | Lair:4   | Noticed an alligator
 12688 | Lair:4   | Killed an alligator
 13204 | Lair:4   | Noticed a five-headed hydra
 13214 | Lair:4   | Killed a five-headed hydra
 13215 | Lair:4   | Reached skill level 9 in Dodging
 13459 | Lair:4   | Noticed an eight-headed hydra
 13464 | Lair:4   | Killed an eight-headed hydra
 13465 | Lair:4   | Reached skill level 13 in Fighting
 13619 | Lair:5   | Reached skill level 13 in Unarmed Combat
 13741 | Lair:5   | Found a staircase to the Elven Halls.
 14484 | Lair:6   | Entered Level 6 of the Lair of Beasts
 14484 | Lair:6   | Noticed Snorg
 14493 | Lair:6   | Killed Snorg
 14527 | Lair:6   | Reached **** piety under Wu Jian
 14748 | Lair:6   | Reached XP level 13. HP: 100/122 MP: 18/18
 14817 | Lair:6   | Reached skill level 7 in Evocations
 14899 | Lair:6   | Found a gate leading to a gauntlet.
 14908 | Gauntlet | Entered a Gauntlet
 14908 | Gauntlet | Found a transporter.
 14908 | Gauntlet | Found a transporter.
 14939 | Gauntlet | Noticed a reaper
 14941 | Gauntlet | Found a transporter.
 14947 | Gauntlet | Found a transporter.
 14957 | Gauntlet | Found a transporter.
 14978 | Gauntlet | Found a transporter.
 14994 | Gauntlet | Found a transporter.
 15014 | Gauntlet | Found a transporter.
 15032 | Gauntlet | Found a transporter.
 15056 | Gauntlet | Found a transporter.
 15136 | Gauntlet | Got a bound ivory ring
 15179 | Gauntlet | Identified the ring of Existentialism {*Tele rPois Int+2
                  | Dex+4} (You found it in a Gauntlet)
 15234 | Gauntlet | Got a masterwork cloak
 15245 | Gauntlet | Identified the +2 cloak of Bitterness {rElec rF+} (You
                  | found it in a Gauntlet)
 15270 | Gauntlet | Noticed a minotaur
 15277 | Gauntlet | Killed a minotaur
 15475 | Lair:6   | Noticed Josephine
 15483 | Lair:6   | Killed Josephine
 15483 | Lair:6   | Reached skill level 10 in Dodging
 15563 | Lair:6   | Reached skill level 14 in Fighting
 15590 | Lair:6   | Reached skill level 14 in Unarmed Combat
 15629 | Lair:6   | Reached ***** piety under Wu Jian
 16999 | D:10     | Entered Level 10 of the Dungeon
 17081 | D:10     | Reached XP level 14. HP: 109/133 MP: 19/19
 17325 | D:10     | Found a white marble altar of Elyvilon.
 17450 | D:10     | Reached skill level 11 in Dodging
 17856 | D:10     | Reached skill level 15 in Fighting
 18190 | D:11     | Reached skill level 15 in Unarmed Combat
 18190 | D:11     | Reached skill level 1 in Spellcasting
 18294 | D:11     | Reached skill level 2 in Spellcasting
 18430 | D:11     | Reached skill level 3 in Spellcasting
 18430 | D:11     | Found a gate to the Vaults.
 18624 | D:11     | Reached skill level 4 in Spellcasting
 18634 | D:11     | Reached skill level 5 in Spellcasting
 18909 | D:11     | Found a staircase to the Orcish Mines.
 18914 | D:11     | Reached skill level 6 in Spellcasting
 18922 | D:11     | Learned a level 5 spell: Blade Hands
 19368 | D:12     | Entered Level 12 of the Dungeon
 19388 | D:12     | Found a flickering gateway to a bazaar.
 19408 | Bazaar   | Entered a bazaar
 19408 | Bazaar   | Found Rutiw's Jewellery Shoppe.
 19436 | Bazaar   | Found Zyxupa's Magic Scroll Boutique.
 19444 | Bazaar   | Found Gykyacsu's General Store.
 19449 | Bazaar   | Found Ohirph's Jewellery Emporium.
 19450 | Bazaar   | Bought a potion of curing for 25 gold pieces
 19454 | Bazaar   | Found Amuczo's Gadget Shop.
 19462 | Bazaar   | Bought a wand of acid (3) for 88 gold pieces
 19462 | Bazaar   | Bought a wand of acid (6) for 154 gold pieces
 19462 | Bazaar   | Bought a wand of paralysis (6) for 77 gold pieces
 19482 | Bazaar   | Bought a scroll of teleportation for 36 gold pieces
 19482 | Bazaar   | Bought a scroll of fear for 60 gold pieces
 19482 | Bazaar   | Bought 3 scrolls of identify for 72 gold pieces
 19482 | Bazaar   | Bought a scroll of teleportation for 36 gold pieces
 19482 | Bazaar   | Bought a scroll of fog for 24 gold pieces
 19482 | Bazaar   | Bought a scroll of teleportation for 36 gold pieces
 19482 | Bazaar   | Bought a scroll of enchant armour for 90 gold pieces
 19482 | Bazaar   | Bought a scroll of summoning for 120 gold pieces
 19490 | Bazaar   | Bought a scroll of summoning for 100 gold pieces
 19541 | D:12     | Reached skill level 1 in Transmutations
 19645 | D:12     | Reached skill level 2 in Transmutations
 19723 | D:12     | Reached skill level 3 in Transmutations
 19752 | D:12     | Reached skill level 4 in Transmutations
 20000 | D:12     | Found a runed translucent door.
 20010 | D:12     | Identified the +7 spear of Impermanence {elec, +Fly Dex-5
                  | SInv}
 20022 | D:12     | Found a staircase to the Depths.
 20085 | D:12     | Reached skill level 5 in Transmutations
 20204 | D:12     | Noticed Cris's ghost (journeyman FrCj)
 20532 | Orc      | Entered the Orcish Mines
 20546 | Orc      | Noticed Erica
 20552 | Orc      | Killed Erica
 20553 | Orc      | Noticed an orc warlord
 20554 | Orc      | Reached skill level 6 in Transmutations
 20555 | Orc      | Killed an orc warlord
 20555 | Orc      | Reached ****** piety under Wu Jian
 20564 | Orc      | Found a viscous altar of Jiyva.
 20565 | Orc      | Found a staircase to the Slime Pits.
 20566 | Orc      | Found a viscous altar of Jiyva.
 20753 | Orc      | Reached XP level 15. HP: 141/141 MP: 24/24
 20755 | Orc      | Reached skill level 7 in Transmutations
 20826 | Orc      | Reached skill level 8 in Transmutations
 20836 | Orc      | Found Ydiuh's Jewellery Boutique.
 20836 | Orc      | Found Fofo's Gadget Boutique.
 21179 | Orc      | Found Saraiq Dina's Distillery.
 21179 | Orc      | Found Zaol's Antique Armour Shoppe.
 21204 | Orc      | Bought a potion of invisibility for 104 gold pieces
 21204 | Orc      | Bought a potion of cancellation for 65 gold pieces
 21204 | Orc      | Bought a potion of heal wounds for 65 gold pieces
 21204 | Orc      | Bought a potion of cancellation for 65 gold pieces
 21204 | Orc      | Bought a potion of agility for 52 gold pieces
 21204 | Orc      | Bought a potion of curing for 32 gold pieces
 21204 | Orc      | Bought a potion of curing for 32 gold pieces
 21651 | Swamp:1  | Entered Level 1 of the Swamp
 21678 | Swamp:1  | Reached skill level 9 in Transmutations
 21737 | Swamp:1  | Noticed a thorn hunter
 21746 | Swamp:1  | Noticed a thorn hunter
 21765 | Swamp:1  | Killed a thorn hunter
 21859 | Swamp:1  | Found a glowing golden altar of the Shining One.
 21867 | Swamp:1  | Found a transporter.
 21874 | Swamp:1  | Reached skill level 10 in Transmutations
 21910 | Swamp:1  | Noticed Nikola
 21930 | Swamp:1  | Noticed Frances
 21939 | Swamp:1  | Killed Frances
 21939 | Swamp:1  | Reached skill level 16 in Fighting
 22083 | Swamp:1  | Got an ichor-stained large shield
 22089 | Swamp:1  | Identified the cursed +0 large shield of the Unseen Realm
                  | {rN+ rCorr Dex-3} (You found it on level 1 of the Swamp)
 22224 | Swamp:1  | Found a transporter.
 22752 | Swamp:2  | Noticed a thorn hunter
 22761 | Swamp:2  | Killed a thorn hunter
 22788 | Swamp:2  | Noticed a thorn hunter
 22799 | Swamp:2  | Killed a thorn hunter
 22800 | Swamp:2  | Reached skill level 16 in Unarmed Combat
 23232 | Swamp:3  | Entered Level 3 of the Swamp
 23309 | Swamp:3  | Noticed a thorn hunter
 23316 | Swamp:3  | Reached XP level 16. HP: 137/151 MP: 19/25
 23316 | Swamp:3  | Killed a thorn hunter
 23334 | Swamp:3  | Noticed a thorn hunter
 23343 | Swamp:3  | Killed a thorn hunter
 23366 | Swamp:3  | Noticed Louise
 23375 | Swamp:3  | Killed Louise
 23627 | Swamp:3  | Got an iridescent scimitar
 23824 | Swamp:3  | Noticed the 27-headed Lernaean hydra
 23896 | Swamp:3  | Killed the 27-headed Lernaean hydra
 23896 | Swamp:3  | Reached skill level 12 in Dodging
 23917 | Swamp:3  | Reached skill level 17 in Fighting
 23979 | Swamp:3  | Identified the cursed +1 scimitar of Yjawkint {flame, rN+
                  | Dex+7} (You found it on level 3 of the Swamp)
 23979 | Swamp:3  | Got a decaying rune of Zot
 24554 | Spider:1 | Entered Level 1 of the Spider Nest
 24559 | Spider:1 | Reached skill level 17 in Unarmed Combat
 24575 | Spider:1 | Reached skill level 11 in Transmutations
 25149 | Spider:2 | Reached XP level 17. HP: 154/161 MP: 21/26
 25623 | Spider:3 | Entered Level 3 of the Spider Nest
 25663 | Spider:3 | Reached skill level 13 in Dodging
 25969 | Spider:3 | Reached skill level 18 in Fighting
 26003 | Spider:3 | Reached skill level 18 in Unarmed Combat
 26135 | Spider:3 | Found a huge runed gate.
 26135 | Spider:3 | Found a huge runed gate.
 26135 | Spider:3 | Found a huge runed gate.
 26135 | Spider:3 | Found a huge runed gate.
 26136 | Spider:3 | Found a huge runed gate.
 26305 | Spider:3 | Got a gossamer rune of Zot
 26519 | Spider:3 | Reached skill level 14 in Dodging
 26810 | Elf:1    | Entered Level 1 of the Elven Halls
 26862 | Elf:1    | Found a crumbling gateway.
 26864 | Elf:1    | Found a glowing silver altar of Zin.
 26864 | Elf:1    | Found a glowing golden altar of the Shining One.
 26864 | Elf:1    | Found a white marble altar of Elyvilon.
 26869 | Elf:1    | Reached XP level 18. HP: 124/172 MP: 27/27
 26904 | Desolati | Entered the Desolation of Salt
 26950 | Desolati | Identified the +3 great mace "Ziut" {elec, +Rage}
 26952 | Desolati | Identified the ring "Kedycvup" {rElec rPois}
 26958 | Desolati | Identified the ring "Cafri" {rF+ MR+ Stlth+}
 27027 | Desolati | Found the +15 Maxwell's patent armour {-Cast -Tele rElec
                  | MR+ rCorr}
 27442 | Desolati | Identified the Handbook of Scorching Ice
 27810 | Elf:1    | Noticed a Brimstone Fiend
 28578 | Elf:1    | Reached skill level 19 in Fighting
 28605 | Elf:2    | Found Mifiel's Food Boutique.
 28609 | Elf:2    | Reached skill level 15 in Dodging
 28615 | Elf:2    | Reached skill level 19 in Unarmed Combat
 28705 | Elf:2    | Found a huge runed gate.
 28705 | Elf:2    | Found a huge runed gate.
 28706 | Elf:2    | Found a huge runed gate.
 28707 | Elf:2    | Found a huge runed gate.
 28708 | Elf:2    | Found a huge runed gate.
 28995 | Elf:2    | Reached XP level 19. HP: 144/182 MP: 28/28
 29063 | Elf:2    | Noticed Roxanne
 29069 | Elf:2    | Killed Roxanne
 29069 | Elf:2    | Identified Roxanne's Reference Book on Stones (You took it
                  | off Roxanne on level 2 of the Elven Halls)
 29078 | Elf:2    | Learned a level 6 spell: Statue Form
 29163 | Elf:2    | Reached skill level 1 in Earth Magic
 29166 | Elf:2    | Reached skill level 2 in Earth Magic
 29211 | Elf:2    | Found a radiant altar of Vehumet.
 29232 | Elf:2    | Reached skill level 3 in Earth Magic
 29585 | Elf:3    | Entered Level 3 of the Elven Halls
 29594 | Elf:3    | Reached skill level 4 in Earth Magic
 29708 | Elf:3    | Reached skill level 5 in Earth Magic
 29842 | Elf:3    | Reached skill level 6 in Earth Magic
 29848 | Elf:3    | Reached skill level 7 in Earth Magic
 29852 | Elf:3    | Reached skill level 8 in Earth Magic
 29857 | Elf:3    | Reached skill level 9 in Earth Magic
 29865 | Elf:3    | Reached skill level 10 in Earth Magic
 29871 | Elf:3    | Reached skill level 11 in Earth Magic
 30081 | Elf:3    | Found Soism's Elven Fire.
 30197 | Elf:3    | Noticed a Brimstone Fiend
 30375 | Elf:3    | Reached skill level 12 in Transmutations
 30438 | Elf:3    | Identified the ring "Cuegobav" {rF+ Stlth++}
 30491 | Elf:3    | Identified the cursed ring "Nugunoet" {*Slow MR++ Int+5
                  | Slay-2}
 30528 | Elf:3    | Found the +7 Singing Sword {slice}
 30533 | Elf:3    | Identified the cursed ring "Sorerei" {+Inv rPois rF+ Str+2
                  | Int-3 SInv}
 30538 | Elf:3    | Identified the Volume of Cold
 30542 | Elf:3    | Identified the ring of Mistrust {+Inv Int+4 Dex+4}
 30598 | Elf:3    | Identified the +4 morningstar "Zoeh" {protect, rElec}
 30599 | Elf:3    | Identified the cursed ring "Yskil" {*Tele Int+2 Dex+7}
 30678 | Elf:3    | Identified the amulet "Xaegaxta" {Acrobat Str+4} (You
                  | acquired it on level 3 of the Elven Halls)
 30678 | Elf:3    | Identified a +1 pair of boots of running (You acquired it
                  | on level 3 of the Elven Halls)
 31058 | Vaults:1 | Entered Level 1 of the Vaults
 31080 | Bazaar   | Entered a bazaar
 31100 | Bazaar   | Found Vext's Food Shoppe.
 31107 | Bazaar   | Found Ruytha Poggu's Distillery.
 31111 | Bazaar   | Found Xoelacodi's Jewellery Boutique.
 31141 | Bazaar   | Found Wanybas's Jewellery Emporium.
 31188 | Bazaar   | Bought a potion of haste for 120 gold pieces
 31188 | Bazaar   | Bought a potion of cancellation for 60 gold pieces
 31188 | Bazaar   | Bought a potion of curing for 30 gold pieces
 31188 | Bazaar   | Bought a potion of might for 48 gold pieces
 31188 | Bazaar   | Bought a potion of haste for 120 gold pieces
 31188 | Bazaar   | Bought a potion of curing for 30 gold pieces
 31188 | Bazaar   | Bought a potion of agility for 48 gold pieces
 31188 | Bazaar   | Bought a potion of agility for 48 gold pieces
 31188 | Bazaar   | Bought a potion of heal wounds for 60 gold pieces
 31188 | Bazaar   | Bought a potion of might for 48 gold pieces
 31313 | Vaults:1 | Reached skill level 12 in Earth Magic
 31313 | Vaults:1 | Reached XP level 20. HP: 191/191 MP: 22/29
 31428 | Vaults:1 | Found a staircase to the Crypt.
 31497 | Vaults:1 | Reached skill level 13 in Transmutations
 32040 | Vaults:1 | Identified the +0 chain mail of Geyjem {MR+ Int+2}
 32062 | Vaults:1 | Identified the +2 chain mail "Quuska Tegh" {Int+3}
 32509 | Vaults:2 | Reached skill level 13 in Earth Magic
 32737 | Vaults:2 | Reached skill level 20 in Fighting
 33204 | Vaults:2 | Reached skill level 14 in Transmutations
 33453 | Vaults:2 | Found Fosiab's Antique Weapon Boutique.
 33721 | Vaults:2 | Reached skill level 14 in Earth Magic
 34143 | Vaults:2 | Learned a level 2 spell: Passwall
 34169 | Vaults:3 | Entered Level 3 of the Vaults
 34185 | Vaults:3 | Reached XP level 21. HP: 142/201 MP: 30/30
 34206 | Vaults:3 | Reached skill level 20 in Unarmed Combat
 34308 | Vaults:3 | Identified the cursed +1 hand axe of Ofisok {drain,
                  | *Corrode Str-4 Dex+8}
 34384 | Vaults:3 | Noticed a juggernaut
 34392 | Vaults:3 | Killed a juggernaut
 34393 | Vaults:3 | Reached skill level 15 in Transmutations
 34471 | Vaults:3 | Got a silver rune of Zot
 34577 | Vaults:3 | Identified the +10 mace of the Hero {venom, +Rage rC+}
 34589 | Vaults:3 | Reached skill level 16 in Dodging
 34609 | Vaults:3 | Noticed a golden dragon
 34612 | Vaults:3 | Killed a golden dragon
 34622 | Vaults:3 | Identified the +6 rapier "Xieqige" {pierce, *Rage +Fly
                  | rPois Dex+6}
 34640 | Vaults:3 | Noticed Boris
 34641 | Vaults:3 | Killed Boris
 34817 | Vaults:3 | Reached skill level 21 in Unarmed Combat
 34948 | Vaults:3 | Identified the ring of the Madman {rPois rC+ rN+ Str+3
                  | Int-3}
 35091 | Vaults:3 | Reached XP level 22. HP: 187/209 MP: 31/31
 35092 | Vaults:3 | Reached skill level 22 in Unarmed Combat
 35789 | Vaults:3 | Reached skill level 23 in Unarmed Combat
 36068 | Depths:1 | Entered Level 1 of the Depths
 36341 | Depths:1 | Found Lemiuth's Armour Emporium.
 36343 | Depths:1 | Identified a +1 pair of boots of running
 36441 | Depths:1 | Found a runed door.
 36504 | Depths:1 | Identified the +0 robe "Mofiqynn" {rN+}
 36608 | Depths:1 | Found a gateway to Hell.
 36858 | Depths:2 | Identified the +10 ring mail "Lupt" {MP+9 Int+3 Dex+3}
 36866 | Depths:2 | Learned a level 2 spell: Song of Slaying
 36903 | Depths:2 | Reached skill level 1 in Charms
 36985 | Depths:2 | Reached skill level 21 in Fighting
 36985 | Depths:2 | Reached skill level 2 in Charms
 37083 | Depths:2 | Reached skill level 3 in Charms
 37202 | Depths:2 | Reached skill level 4 in Charms
 37341 | Depths:2 | Found a one-way gate to the infinite horrors of the Abyss.
 37550 | Depths:2 | Reached skill level 5 in Charms
 37561 | Depths:2 | Noticed Asterion
 37568 | Depths:2 | Killed Asterion
 37712 | Depths:2 | Reached skill level 6 in Charms
 37981 | Depths:3 | Reached skill level 7 in Charms
 38225 | Depths:3 | Found a one-way gate leading to the halls of Pandemonium.
 38226 | Depths:3 | Reached skill level 8 in Charms
 38236 | Depths:3 | Reached skill level 8 in Evocations
 38239 | Depths:3 | Reached XP level 23. HP: 220/220 MP: 32/32
 38385 | Depths:3 | Reached skill level 9 in Evocations
 38402 | Depths:3 | Noticed a juggernaut
 38419 | Depths:3 | Killed a juggernaut
 38549 | Depths:3 | Reached skill level 10 in Evocations
 38764 | Depths:3 | Identified the +3 ring mail of Riegusu {MR+ Dex+3 SInv}
 38794 | Depths:3 | Found a portal to a secret trove of treasure.
 38986 | Orc      | Bought a +6 ring of protection for 1141 gold pieces
 39511 | Depths:3 | You paid a toll of a +9 bardiche to enter a treasure trove
 39512 | Trove    | Entered a treasure trove
 39519 | Trove    | Identified the -3 hat "Qig Jen" {rElec rF- rCorr}
 39521 | Trove    | Identified the ring "Tuxkeq" {rN++ Int+3 Dex+5}
 39523 | Trove    | Identified the amulet "Wagopt" {Faith Dex-3 Slay+3 Stlth+}
 39531 | Trove    | Identified the ring "Plog" {MR- Str+3 Dex+6 Stlth+}
 39763 | Depths:3 | Found the +2 cloak of the Thief {+Fog +Inv Slay-2 SInv
                  | Stlth+}
 39945 | Pan      | Entered Pandemonium
 39983 | Pan      | Found a white marble altar of Elyvilon.
 40206 | Pan      | Reached skill level 17 in Dodging
 40206 | Pan      | Noticed a pearl dragon
 40208 | Pan      | Identified the +1 large shield of Honesty {+Fly rElec rCorr
                  | Dex-2}
 40212 | Pan      | Killed a pearl dragon
 40455 | Pan      | Identified the +6 large shield "Ebecitiv" {rCorr Str+2
                  | Dex+3}
 40661 | Pan      | Found a glowing silver altar of Zin.
 40691 | Pan      | Reached skill level 18 in Dodging
 40879 | Pan      | Identified the ring "Nauhousaq" {+Fly rElec rF+ MR+} (You
                  | acquired it in Pandemonium)
 41142 | Pan      | Reached XP level 24. HP: 231/231 MP: 32/32
 41171 | Pan      | Reached skill level 22 in Fighting
 41223 | Pan      | Reached skill level 1 in Shields
 41336 | Pan      | Reached skill level 2 in Shields
 41380 | Pan      | Reached skill level 3 in Shields
 41422 | Pan      | Noticed a pearl dragon
 41427 | Pan      | Killed a pearl dragon
 41428 | Pan      | Reached skill level 4 in Shields
 41524 | Pan      | Reached skill level 5 in Shields
 41535 | Pan      | Reached skill level 6 in Shields
 41546 | Pan      | Identified the cursed +3 great mace "Giantslayer" {protect,
                  | +Fly rN+ Str-3}
 41546 | Pan      | Identified the ring "Veumiss" {rN+ Int+8}
 41546 | Pan      | Noticed a seraph
 41549 | Pan      | Killed a seraph
 41549 | Pan      | Reached skill level 7 in Shields
 41552 | Pan      | Reached skill level 8 in Shields
 41557 | Pan      | Found a glowing golden altar of the Shining One.
 41566 | Pan      | Identified the Almanac of Attacks and the Mountains
 41572 | Pan      | Got a demonic rune of Zot
 41575 | Pan      | Identified the Almanac of Venom and Moulding
 41577 | Pan      | Identified the +3 leather armour "Ilarchir" {rElec rF-
                  | rCorr Dex+9}
 41578 | Pan      | Identified the +8 mace of Past Mistakes {freeze, +Blink
                  | +Fly}
 41692 | Pan      | Reached skill level 9 in Shields
 41709 | Depths:3 | Escaped Pandemonium
 41718 | Pan      | Entered Pandemonium
 41763 | Pan      | Reached skill level 10 in Shields
 41780 | Pan      | Entered the realm of Lom Lobon.
 41783 | Pan      | Identified the +0 pair of gloves "Zaleshila" {MR+} (You
                  | acquired it in Pandemonium)
 41783 | Pan      | Identified the ring "Jimai" {rPois Dex+4} (You acquired it
                  | in Pandemonium)
 41913 | Pan      | Reached skill level 11 in Shields
 41913 | Pan      | Noticed Mennas
 41917 | Pan      | Killed Mennas
 42328 | Pan      | Reached skill level 12 in Shields
 42404 | Pan      | Noticed Lom Lobon
 42416 | Pan      | Killed Lom Lobon
 42422 | Pan      | Reached skill level 13 in Shields
 42499 | Pan      | Got a magical rune of Zot
 42592 | Pan      | Reached XP level 25. HP: 192/238 MP: 32/32
 42603 | Pan      | Reached skill level 14 in Shields
 42740 | Pan      | Entered the realm of Cerebov.
 42974 | Pan      | Reached skill level 15 in Shields
 42994 | Pan      | Identified the +6 sword of Cerebov {flame}
 42994 | Pan      | Noticed Cerebov
 43008 | Pan      | Killed Cerebov
 43118 | Pan      | Got a fiery rune of Zot
 43294 | Pan      | Identified the +7 shortbow of Pamenexa {flame, rC+ MR+
                  | Dex+2}
 43341 | Pan      | Identified the +0 scale mail of the Sea {rF- MR+ Int+3}
 43364 | Pan      | Identified the +7 battleaxe of the Pharaoh's Fist {freeze,
                  | Str+6 Dex+4}
 43386 | Pan      | Reached skill level 23 in Fighting
 43403 | Pan      | Identified the +5 glaive of the Dancing Spider {venom,
                  | *Corrode rF+ Dex+4 Stlth+}
 43440 | Pan      | Noticed Kufusill the pandemonium lord
 43446 | Depths:3 | Escaped Pandemonium
 43449 | Pan      | Entered Pandemonium
 43471 | Pan      | Identified the +7 crystal plate armour of Rugrashru {*Slow
                  | rC+ rN+ SInv}
 43566 | Pan      | Entered the realm of Mnoleg.
 43602 | Pan      | Gained mutation: Your body sometimes deteriorates upon
                  | taking damage. [a cacodemon]
 43618 | Pan      | Noticed Mnoleg
 43622 | Pan      | Killed Mnoleg
 43643 | Pan      | Gained mutation: You are clumsy. (Dex -2) [a cacodemon]
 43644 | Pan      | Gained mutation: Your magical capacity is low. (-10% MP) [a
                  | cacodemon]
 43654 | Pan      | Reached skill level 24 in Unarmed Combat
 43751 | Pan      | Got a glowing rune of Zot
 43783 | Pan      | Entered the realm of Gloorx Vloq.
 44033 | Pan      | Found an exit through the horrors of the Abyss.
 44381 | Pan      | Reached XP level 26. HP: 250/250 MP: 28/28
 44626 | Pan      | Reached skill level 25 in Unarmed Combat
 44640 | Pan      | Noticed Gloorx Vloq
 44652 | Pan      | Killed Gloorx Vloq
 44653 | Pan      | Reached skill level 11 in Evocations
 44670 | Pan      | Got a dark rune of Zot
 44781 | Pan      | Took an exit into the Abyss.
 44781 | Abyss:1  | Escaped into the Abyss
 45153 | Abyss:1  | Reached skill level 12 in Evocations
 45367 | Abyss:2  | Found a corrupted altar of Lugonu.
 45554 | Abyss:4  | Noticed a juggernaut
 45559 | Abyss:4  | Killed a juggernaut
 45567 | Abyss:4  | Got an abyssal rune of Zot
 45581 | Abyss:4  | Found a hide-covered altar of Uskayaw.
 45621 | Depths:3 | Escaped the Abyss
 45634 | Depths:3 | Learned a level 2 spell: Sticks to Snakes
 45640 | Depths:3 | Learned a level 5 spell: Lee's Rapid Deconstruction
 45645 | Depths:3 | Learned a level 3 spell: Inner Flame
 45852 | Crypt:1  | Entered Level 1 of the Crypt
 45868 | Crypt:1  | Reached skill level 1 in Hexes
 45868 | Crypt:1  | Reached skill level 1 in Fire Magic
 45889 | Crypt:1  | Reached skill level 3 in Hexes
 45889 | Crypt:1  | Reached skill level 4 in Fire Magic
 45889 | Crypt:1  | Reached XP level 27. HP: 259/259 MP: 28/28
 45937 | Crypt:1  | Found a magical portal.
 45952 | WizLab   | Entered The Chambers of the Cloud Mage
 45982 | WizLab   | Reached skill level 4 in Hexes
 46121 | WizLab   | Reached skill level 5 in Fire Magic
 46319 | WizLab   | Reached skill level 5 in Hexes
 46342 | WizLab   | Identified Geob Bil's Catalogue of Air
 46346 | WizLab   | Identified the ring "Vuavva Reoro" {rElec rPois rF- MP+9
                  | Str+2}
 46348 | WizLab   | Identified the ring "Jaigrac" {+Fly MR+++ Str+5 Int-2}
 46602 | Crypt:1  | Reached skill level 6 in Fire Magic
 47053 | Crypt:1  | Identified the cursed +1 robe "Pilemneg" {Str+2}
 47196 | Crypt:2  | Entered Level 2 of the Crypt
 47204 | Crypt:2  | Reached skill level 6 in Hexes
 47280 | Crypt:2  | Reached skill level 15 in Earth Magic
 47307 | Crypt:2  | Found the +5 robe of Night {Dark MR+ SInv}
 47506 | Crypt:2  | Reached skill level 7 in Fire Magic
 47628 | Crypt:2  | Found a staircase to the Tomb.
 47773 | Crypt:2  | Reached skill level 7 in Hexes
 47778 | Crypt:2  | Noticed an ancient lich
 47785 | Crypt:2  | Killed an ancient lich
 47786 | Crypt:2  | Identified the ring "Tucho" {Ice Str+3}
 47788 | Crypt:2  | Identified the ring "Uchiavi" {rPois rN+ MP+9}
 47791 | Crypt:2  | Reached skill level 24 in Fighting
 47791 | Crypt:2  | Reached skill level 8 in Fire Magic
 47908 | Crypt:2  | Identified the +3 hunting sling "Tedi Bedgh" {speed,
                  | Fragile rF+++ MR+}
 47941 | Crypt:2  | Identified the Reference Book on Black Magic
 47995 | Crypt:2  | Identified the ring "Wahuu" {rN+ Int+3 Dex+4}
 48647 | Depths:4 | Found a gateway to a bazaar.
 48659 | Depths:4 | Reached skill level 7 in Spellcasting
 48697 | Bazaar   | Entered a bazaar
 48716 | Bazaar   | Found Noagg's Magic Scroll Shoppe.
 48716 | Bazaar   | Found Gyt Byk's Antique Weapon Emporium.
 48727 | Bazaar   | Bought a scroll of revelation for 44 gold pieces
 48727 | Bazaar   | Bought a scroll of immolation for 38 gold pieces
 48727 | Bazaar   | Bought a scroll of teleportation for 33 gold pieces
 48727 | Bazaar   | Bought a scroll of summoning for 110 gold pieces
 48727 | Bazaar   | Bought a scroll of fog for 22 gold pieces
 48738 | Bazaar   | Found Qoorgh's Gadget Emporium.
 48743 | Bazaar   | Bought a wand of digging (7) for 176 gold pieces
 48743 | Bazaar   | Bought a wand of digging (9) for 220 gold pieces
 48743 | Bazaar   | Bought a wand of digging (11) for 264 gold pieces
 48743 | Bazaar   | Bought a phantom mirror for 220 gold pieces
 48743 | Bazaar   | Bought a box of beasts for 220 gold pieces
 48754 | Bazaar   | Found Hoaw's Gadget Shoppe.
 48754 | Bazaar   | Found Iqeagy's Jewellery Emporium.
 48765 | Bazaar   | Bought a wand of iceblast (9) for 165 gold pieces
 48765 | Bazaar   | Bought a wand of paralysis (8) for 99 gold pieces
 48765 | Bazaar   | Bought a fan of gales (2/2) for 330 gold pieces
 49106 | Depths:4 | Reached skill level 8 in Spellcasting
 49134 | Depths:4 | Reached skill level 8 in Hexes
 49134 | Depths:4 | Reached skill level 9 in Fire Magic
 49146 | Depths:4 | Reached skill level 9 in Spellcasting
 49244 | Depths:4 | Noticed Frederick
 49250 | Depths:4 | Killed Frederick
 49364 | Depths:4 | Found a gateway to a ziggurat.
 49367 | Depths:4 | Noticed Margery
 49373 | Depths:4 | Killed Margery
 49374 | Depths:4 | Reached skill level 10 in Spellcasting
 49510 | Depths:4 | Identified the +1 ring mail of True Grit {Str+4}
 49963 | Depths:5 | Entered Level 5 of the Depths
 50228 | Depths:5 | Reached skill level 26 in Unarmed Combat
 50311 | Depths:5 | Found a gate to the Realm of Zot.
 50563 | Depths:5 | Reached skill level 16 in Shields
 50784 | Depths:5 | Found a bloodstained altar of Trog.
 51232 | Slime:1  | Entered Level 1 of the Pits of Slime
 52451 | Slime:4  | Noticed Dissolution
 52456 | Slime:4  | Killed Dissolution
 52457 | Slime:4  | Reached skill level 17 in Shields
 52553 | Slime:5  | Entered Level 5 of the Pits of Slime
 52613 | Slime:5  | Noticed the Royal Jelly
 52654 | Slime:5  | Killed the Royal Jelly
 52786 | Slime:5  | Reached skill level 25 in Fighting
 52824 | Slime:5  | Got a slimy rune of Zot
 52825 | Slime:5  | Identified the Disquisition on Stones and Necromancy
 52845 | Slime:5  | Identified the +2 mace "Niry" {freeze, rC++ Int+4}
 52888 | Slime:5  | Identified the +10 halberd of Cowardice {flame, Int+4}
 52890 | Slime:5  | Identified the ring of Huevio {Fire +Fly}
 52932 | Slime:5  | Identified the +12 spear of the Orcish Mines {freeze, rPois
                  | rC- Int+2 Dex+3}
 52944 | Slime:5  | Identified the +4 chain mail of Ymafeun {rPois}
 52957 | Slime:5  | Identified the +4 hand crossbow "Gaskea Ishru" {flame,
                  | Int+6}
 53309 | Orc      | Bought a transparent cloak for 294 gold pieces
 53309 | Orc      | Identified the +0 cloak of the Present {Str+4 Int+4} (You
                  | bought it in a shop in the Orcish Mines)
 53318 | Orc      | Bought a potion of mutation for 104 gold pieces
 53318 | Orc      | Bought a potion of mutation for 104 gold pieces
 53332 | Orc      | Bought a box of beasts for 240 gold pieces
 53332 | Orc      | Bought a wand of clouds (7) for 288 gold pieces
 53332 | Orc      | Bought a phantom mirror for 240 gold pieces
 53332 | Orc      | Bought a wand of digging (7) for 192 gold pieces
 53454 | Hell     | Entered the Vestibule of Hell
 53454 | Hell     | Noticed Geryon
 53469 | Hell     | Killed Geryon
 53677 | Hell     | Found a gateway to the ashen valley of Gehenna.
 53758 | Hell     | Found a gateway to the decaying netherworld of Tartarus.
 53786 | Tar:1    | Entered Level 1 of Tartarus
 53862 | Tar:2    | Entered Level 2 of Tartarus
 53890 | Tar:2    | Reached skill level 27 in Unarmed Combat
 54009 | Tar:2    | Identified the cursed +0 rapier "Awogel Ylum" {elec, rPois}
 54053 | Tar:2    | Noticed Ereshkigal
 54058 | Tar:2    | Killed Ereshkigal
 54111 | Tar:2    | Reached skill level 18 in Shields
 54125 | Tar:2    | Got a bone rune of Zot
 54218 | Hell     | Found a gateway to the Iron City of Dis.
 54248 | Dis:1    | Entered Level 1 of the Iron City of Dis
 54381 | Dis:1    | Reached skill level 19 in Dodging
 54596 | Dis:1    | Reached skill level 26 in Fighting
 54747 | Dis:2    | Entered Level 2 of the Iron City of Dis
 54935 | Dis:2    | Reached skill level 19 in Shields
 54973 | Dis:2    | Reached skill level 11 in Spellcasting
 54978 | Dis:2    | Reached skill level 16 in Earth Magic
 54981 | Dis:2    | Reached skill level 16 in Transmutations
 55036 | Dis:2    | Identified the Handbook of Earth and Flight
 55272 | Dis:2    | Reached skill level 20 in Dodging
 55445 | Dis:2    | Identified the +4 staff of Dispater
 55445 | Dis:2    | Noticed Dispater
 55457 | Dis:2    | Killed Dispater
 55458 | Dis:2    | Reached skill level 20 in Shields
 55513 | Dis:2    | Found the ring of Phasing {EV+8}
 55517 | Dis:2    | Got an iron rune of Zot
 55727 | Dis:2    | Identified the Papyrus of the Volcanoes
 55845 | Hell     | Found a gateway to the freezing wastes of Cocytus.
 56274 | Geh:1    | Entered Level 1 of Gehenna
 56289 | Geh:2    | Entered Level 2 of Gehenna
 56598 | Geh:2    | Reached skill level 21 in Dodging
 56609 | Geh:2    | Reached skill level 17 in Earth Magic
 56857 | Geh:2    | Reached skill level 17 in Transmutations
 56878 | Geh:2    | Identified the cursed +1 hand crossbow "Hamaulo" {penet,
                  | *Corrode *Slow rElec Str+10}
 56916 | Geh:2    | Reached skill level 21 in Shields
 56917 | Geh:2    | Identified the +7 sceptre of Asmodeus
 56917 | Geh:2    | Noticed Asmodeus
 56927 | Geh:2    | Noticed Artagas's illusion
 56933 | Geh:2    | Killed Asmodeus
 56960 | Geh:2    | Identified the +5 battleaxe "Tayt" {pain, Dex+7}
 56960 | Geh:2    | Identified the +1 ice dragon scales "Jik Ucko" {+Fly rElec
                  | rF- rC++ rN++ Dex-4}
 56960 | Geh:2    | Identified the ring of Pud Biw {*Contam rF++ rCorr Dex+6}
 56988 | Geh:2    | Identified the Volume of Mutagenic Attacks
 57001 | Geh:2    | Identified the +2 ring mail of Bitterness {Int+3}
 57006 | Geh:2    | Got an obsidian rune of Zot
 57012 | Geh:2    | Identified the +5 shortbow "ETAOIN SHRDLU" {seek, -Tele rN+
                  | Str+2}
 57327 | Coc:1    | Entered Level 1 of Cocytus
 57345 | Coc:2    | Entered Level 2 of Cocytus
 57424 | Coc:2    | Reached skill level 18 in Earth Magic
 57473 | Coc:2    | Reached skill level 18 in Transmutations
 57533 | Coc:2    | Noticed Antaeus
 57540 | Coc:2    | Killed Antaeus
 57564 | Coc:2    | Got an icy rune of Zot
 57565 | Coc:2    | Identified the cursed ring of Dumo {Str+2 Stlth--}
 57573 | Coc:2    | Identified the cursed +0 quarterstaff "Qulee" {antimagic,
                  | *Drain +Rage rC++ MR+}
 57696 | Coc:2    | Identified the +8 war axe "Beastslayer" {chop, MR+ Int+3}
 58143 | Tomb:1   | Entered Level 1 of the Tomb of the Ancients
 58300 | Tomb:1   | Noticed a greater mummy
 58304 | Tomb:1   | Reached skill level 19 in Earth Magic
 58304 | Tomb:1   | Noticed a greater mummy
 58305 | Tomb:1   | Noticed a greater mummy
 58307 | Tomb:1   | Noticed a greater mummy
 58309 | Tomb:1   | Killed a greater mummy
 58309 | Tomb:1   | Killed a greater mummy
 58312 | Tomb:1   | Killed a greater mummy
 58313 | Tomb:1   | Killed a greater mummy
 58314 | Tomb:1   | Reached skill level 20 in Earth Magic
 58341 | Tomb:1   | Learned a level 4 spell: Yara's Violent Unravelling
 58346 | Tomb:1   | Learned a level 4 spell: Tree Form
 59117 | Tomb:3   | Entered Level 3 of the Tomb of the Ancients
 59134 | Tomb:3   | Reached skill level 19 in Transmutations
 59139 | Tomb:3   | Noticed a greater mummy
 59139 | Tomb:3   | Noticed a greater mummy
 59139 | Tomb:3   | Noticed a greater mummy
 59150 | Tomb:3   | Noticed a greater mummy
 59152 | Tomb:3   | Killed a greater mummy
 59156 | Tomb:3   | Noticed a greater mummy
 59158 | Tomb:3   | Killed a greater mummy
 59159 | Tomb:3   | Reached skill level 27 in Fighting
 59160 | Tomb:3   | Noticed a greater mummy
 59161 | Tomb:3   | Noticed an ancient lich
 59164 | Tomb:3   | Killed an ancient lich
 59174 | Tomb:3   | Noticed a greater mummy
 59175 | Tomb:3   | Noticed a greater mummy
 59176 | Tomb:3   | Reached skill level 13 in Evocations
 59176 | Tomb:3   | Killed a greater mummy
 59176 | Tomb:3   | Killed a greater mummy
 59177 | Tomb:3   | Killed a greater mummy
 59183 | Tomb:3   | Killed a greater mummy
 59183 | Tomb:3   | Reached skill level 14 in Evocations
 59188 | Tomb:3   | HP: 53/354 [guardian mummy's death curse (10)]
 59192 | Tomb:3   | Killed a greater mummy
 59196 | Tomb:3   | Killed a greater mummy
 59303 | Tomb:3   | Identified the amulet of Day {Spirit SInv}
 59305 | Tomb:3   | Identified the +3 longbow of the Old World {velocity,
                  | rPois} (You acquired it on level 3 of the Tomb of the
                  | Ancients)
 59305 | Tomb:3   | Identified the +0 pair of boots "Somizy" {rF+} (You
                  | acquired it on level 3 of the Tomb of the Ancients)
 59305 | Tomb:3   | Identified the amulet "Orovodel" {Rage rF+} (You acquired
                  | it on level 3 of the Tomb of the Ancients)
 59305 | Tomb:3   | Identified Lofixt's Tome of Transformation and Curses (You
                  | acquired it on level 3 of the Tomb of the Ancients)
 59313 | Tomb:3   | Identified the +1 ring mail of Ornamental Miracles {rC++
                  | Dex-5 Slay+3}
 59314 | Tomb:3   | Identified the amulet "Vuawosto" {Reflect rElec rC+ SH+5}
 59320 | Tomb:3   | Identified the Tome of Enchanting Unholy Rites
 59371 | Tomb:3   | Identified the Volume of Displaced Enhancements
 59380 | Tomb:3   | Identified the cursed +0 dire flail "Bisoidoz" {venom, rN+}
 59648 | Tomb:3   | Got a golden rune of Zot
 60208 | Zot:1    | Entered Level 1 of the Realm of Zot
 60215 | Zot:1    | Reached skill level 15 in Evocations
 60261 | Zot:1    | Reached skill level 22 in Dodging
 60266 | Zot:1    | Reached skill level 22 in Shields
 60656 | Zot:5    | Entered Level 5 of the Realm of Zot
 60913 | Zot:5    | Noticed an orb of fire
 60915 | Zot:5    | Gained mutation: You are frail. (-10% HP) [an orb of fire]
 60917 | Zot:5    | Killed an orb of fire
 60918 | Zot:5    | Reached skill level 23 in Shields
 60930 | Zot:5    | Reached skill level 23 in Dodging
 60939 | Zot:5    | Noticed an orb of fire
 60941 | Zot:5    | Noticed an ancient lich
 60941 | Zot:5    | Noticed an orb of fire
 60942 | Zot:5    | Killed an orb of fire
 60942 | Zot:5    | Noticed an orb of fire
 60943 | Zot:5    | Killed an orb of fire
 60944 | Zot:5    | Noticed an ancient lich
 60946 | Zot:5    | Killed an ancient lich
 60948 | Zot:5    | Killed an ancient lich
 60948 | Zot:5    | Killed an orb of fire
 60993 | Zot:5    | Reached skill level 24 in Shields
 61003 | Zot:5    | Got the Orb of Zot
 61020 | Zot:5    | Noticed an orb of fire
 61022 | Zot:5    | Killed an orb of fire
 61028 | Zot:5    | Reached skill level 24 in Dodging
 61032 | Zot:5    | Noticed an ancient lich
 61033 | Zot:5    | Killed an ancient lich
 61033 | Zot:5    | Noticed an orb of fire
 61035 | Zot:5    | Killed an orb of fire
 61280 | Depths:5 | Noticed Ileur the pandemonium lord
 61285 | Depths:5 | Killed Ileur the pandemonium lord
 61408 | Depths:3 | Lost mutation: Your body sometimes deteriorates upon taking
                  | damage. [potion of mutation]
 61408 | Depths:3 | Lost mutation: Your magical capacity is low. (-10% MP)
                  | [potion of mutation]
 61408 | Depths:3 | Gained mutation: You have a pair of small horns on your
                  | head. [potion of mutation]
 61408 | Depths:3 | Gained mutation: Your spells are a little harder to cast,
                  | but a little more powerful. [potion of mutation]
 61408 | Depths:3 | Gained mutation: You are resistant to hostile enchantments.
                  | (MR+) [potion of mutation]
 61408 | Depths:3 | Gained mutation: Your natural rate of healing is unusually
                  | fast. [potion of mutation]
 61500 | D:12     | Reached skill level 25 in Shields
 61505 | D:11     | Noticed a seraph
 61660 | D:3      | Noticed Oget the pandemonium lord
 61674 | D:3      | Killed Oget the pandemonium lord
 61685 | D:3      | Noticed Ariagog the pandemonium lord
 61731 | D:1      | Noticed Ziror the pandemonium lord
 61734 | D:1      | Killed Ziror the pandemonium lord
 61747 | D:$      | Escaped with the Orb!

Skill      XL: |  1  2  3  4  5  6  7  8  9 10 11 12 13 14 15 16 17 18 19 20 21 22 23 24 25 26 27 |
---------------+----------------------------------------------------------------------------------+-----
Unarmed Combat | 1 2 4 5 6 7 9 10 12 13 14 15 16 17 18 19 21 23 24 25 27 | 27.0
Fighting       | 2 3 4 5 6 8 10 11 12 13 14 15 16 17 18 19 20 21 22 23 27 | 27.0
Throwing       | 2 3 |  3.0
Dodging        | 3 5 8 9 10 11 12 14 15 16 18 24 | 24.7
Evocations     | 1 4 6 7 8 10 12 15 | 15.0
Spellcasting   | 6 11 | 11.0
Transmutations | 6 10 11 12 14 15 19 | 19.0
Earth Magic    | 12 14 20 | 20.0
Charms         | 8 |  8.0
Shields        | 13 15 25 | 25.1
Hexes          | 3 8 |  8.0
Fire Magic     | 4 9 |  9.0
Maces & Flails | |  1.0
Stealth        | |  3.0

Action                   |  1- 3 |  4- 6 |  7- 9 | 10-12 | 13-15 | 16-18 | 19-21 | 22-24 | 25-27 || total
-------------------------+-------+-------+-------+-------+-------+-------+-------+-------+-------++-------
Melee: Whip              |   159 |       |       |       |       |       |       |       |       ||   159
       Tailslap          |    34 |    22 |    97 |   169 |   310 |   240 |   319 |   311 |   976 ||  2478
       Punch             |     1 |     1 |     9 |    25 |    67 |    57 |   118 |    92 |       ||   370
       Unarmed           |    40 |   115 |   401 |   752 |  1469 |  1017 |  1211 |  1247 |  3986 || 10238
       Headbutt          |       |       |       |       |       |       |       |       |     9 ||     9
 Fire: Blowgun           |     2 |    18 |    12 |       |       |       |       |       |       ||    32
Throw: Tomahawk          |       |       |     6 |    23 |    19 |       |       |       |       ||    48
       Javelin           |       |       |       |       |       |    13 |     6 |    14 |     8 ||    41
 Cast: Blade Hands       |       |       |       |       |    13 |    30 |    10 |       |       ||    53
       Statue Form       |       |       |       |       |       |       |    19 |       |     6 ||    25
       Song of Slaying   |       |       |       |       |       |       |       |     5 |     1 ||     6
       Inner Flame       |       |       |       |       |       |       |       |       |    10 ||    10
       Sticks to Snakes  |       |       |       |       |       |       |       |       |     7 ||     7
Invok: Heavenly Storm    |       |       |       |       |    10 |    11 |    11 |    15 |    59 ||   106
 Abil: Whirlwind         |       |       |     7 |   136 |   432 |   389 |   402 |   429 |  1885 ||  3680
       Lunge             |       |       |     2 |    50 |    88 |   104 |    96 |   107 |   382 ||   829
       Serpent's Lash    |       |       |       |     3 |    24 |    26 |    24 |    19 |    95 ||   191
       End Transformatio |       |       |       |       |     2 |     2 |       |       |       ||     4
       Wall Jump         |       |       |       |       |       |       |     1 |       |     6 ||     7
Evoke: Wand              |       |       |     2 |     6 |       |     2 |     1 |     4 |     4 ||    19
       Phial of floods   |       |       |       |       |     2 |     2 |     1 |     2 |       ||     7
       Lamp of fire      |       |       |       |       |       |     1 |       |       |     1 ||     2
       Lightning rod     |       |       |       |       |       |     4 |       |       |       ||     4
       Sack of spiders   |       |       |       |       |       |       |       |     1 |     1 ||     2
       Fan of gales      |       |       |       |       |       |       |       |       |     5 ||     5
  Use: Scroll            |     1 |     6 |     3 |    14 |    11 |     3 |     8 |     9 |    15 ||    70
       Potion            |       |       |     2 |       |     2 |     1 |     4 |     5 |    32 ||    46
 Stab: Sleeping          |     5 |     4 |     1 |     7 |     1 |     5 |     9 |     7 |    11 ||    50
       Distracted        |       |       |     1 |       |       |     2 |       |     5 |    12 ||    20
       Paralysed         |       |       |       |     1 |       |       |       |       |     1 ||     2
       Held in net/web   |       |       |       |       |       |     2 |       |       |       ||     2
       Confused          |       |       |       |       |       |       |       |       |     3 ||     3
       Invisible         |       |       |       |       |       |       |       |       |     1 ||     1
  Eat: Chunk             |     8 |     7 |    24 |    35 |    44 |    30 |    46 |    33 |    23 ||   250
       Ration            |       |       |       |     1 |     6 |     8 |     5 |     9 |    51 ||    80
Armor: Skin              |    80 |    45 |   175 |   206 |   342 |   253 |   262 |   553 |   929 ||  2845
Dodge: Dodged            |   140 |    66 |   234 |   310 |   657 |   521 |   505 |   914 |  1540 ||  4887
Block: Other             |       |       |    14 |    18 |       |       |       |     8 |       ||    40
       Large shield      |       |       |       |       |       |       |       |   182 |  3290 ||  3472
       Reflection        |       |       |       |       |       |       |       |       |     6 ||     6

Levels and vault maps discovered:
D:1:      arrival_zaba_pyramid, layout_rooms, minmay_worlds_worst_comb
D:2:      layout_basic, first_ration, serial_bayou_lagoon_b, uniq_jessica,
          uniq_sigmund, uniq_robin
D:3:      layout_basic, nicolae_overflow_hidden_temple
D:4:      layout_loops_ring, kennysheep_mini, gammafunk_temple_overflow_pools,
          serial_shops, shop
D:5:      layout_layer_cave, nicolae_gozag_seed_capital, serial_shops, shop,
          shop, nicolae_shop_competitors_out_of_business, nicolae_shop_stone
D:6:      layout_cave_pools, okawaru_trees_2, marbit_many_paths,
          gammafunk_temple_overflow_statue, serial_shops, nicolae_shop_trees,
          shop, nicolae_shop_waterfront, nicolae_figureground_pulse,
          uniq_grinder
D:7:      layout_rooms, overflow_temple_1_default, lemuel_doored_altar,
          minmay_temple_entry_grid
D:8:      layout_basic
D:9:      layout_rooms, bhauth_dryad_lair, serial_shops, nicolae_shop_stone,
          ebering_ghost_xom, grunt_livestock, small_statue_intersection,
          evilmike_butchery, uniq_grum
D:10:     layout_small_grid, nicolae_twisting_strands, minmay_tree_intersection,
          minivault_16, serial_park_tiny_2, grunt_decor_fettered,
          elyvilon_altar_1
D:11:     layout_loops_corners, kennysheep_orc_monster_closet_entryway,
          david_vaults_2
D:12:     hangedman_depths_entry_civil_slaughter, layout_small_grid,
          minmay_misc_feat_square, serial_shops, bzr_entry_water,
          ebering_ghost_funeral_grove
Temple:   minmay_temple_forest_path
Lair:1:   dragon1_lemuel, layout_cave_shapes, gammafunk_ghost_berserking_beasts,
          beast_lair_carwin_2
Lair:2:   layout_long_grid, nicolae_swamp_entry_splash_gauntlet, basic_altar
Lair:3:   layout_roguey, spider_nest_entry_a, infiniplex_staircase_pool_2
Lair:4:   layout_regular_city, grunt_megastairs_3
Lair:5:   layout_regular_city, chequers_serial_rivers_small_3,
          grunt_megastairs_4
Lair:6:   minmay_lair_end_enchanted_forest, layout_cave_pods,
          gauntlet_entry_generic, uniq_snorg, uniq_josephine
Swamp:1:  gammafunk_the_bubble [the_bubble_gammafunk_plus_minus],
          layout_basic_swamp, basic_altar, swamp_pool5, uniq_frances,
          uniq_nikola
Swamp:2:  layout_basic_swamp, hangedman_swamp_ruin_wall
Swamp:3:  swamp_old_school, layout_basic_swamp, uniq_louise
Spider:1: layout_spider_delve
Spider:2: layout_spider_delve
Spider:3: floodkiller_spider_rune_tomb
Slime:1:  layout_slime_grid
Slime:2:  layout_slime_grid
Slime:3:  layout_slime_grid
Slime:4:  layout_slime_grid, dissolution_awaits
Slime:5:  slime_pit_nicolae_royal_road_to_ruin
Orc:      st_orc_elflike, layout_diamond_mine, nicolae_slime_entry_slimehenge,
          uniq_erica
Elf:1:    layout_loops_corners, serial_sigils, serial_sigils_hangedman_gut,
          serial_sigils_hangedman_gut, serial_sigils_hangedman_stare,
          serial_sigils_hangedman_quiver, portal_desolation_entry_holy_temple,
          nicolae_elf_big_sculpture_1
Elf:2:    elven_hall_of_blades_hangedman_alternative [nicolae_blade_tridents],
          layout_loops_cross, serial_shops,
          nicolae_shop_temple_entry_statues_fountains, basic_altar, uniq_roxanne
Elf:3:    grunt_elf_hall_diamonds, layout_geoelf_diagonals, guppyfry_elf_lava
Vaults:1: nicolae_vaults_yaktaur_gun_rack, minmay_crypt_entry_simple_round,
          hangedman_vaults_corner_blocks, grunt_vaults_twisty, st_cross,
          nicolae_vaults_twisting_passages, hangedman_vaults_corner,
          v_alt_pattern_1, layout_vaults_ring, serial_shops, freezing_bzr
Vaults:2: v_misc_12, ontoclasm_vaults_ring_large, v_alt_pattern_3,
          nicolae_vaults_circle_grid_a, v_pattern_1,
          nicolae_vaults_network_quinsquares
          [nicolae_vaults_network_quincunx_subvault,
          nicolae_vaults_network_quincunx_subvault,
          nicolae_vaults_network_quincunx_subvault,
          nicolae_vaults_network_quincunx_subvault], v_misc_27, v_misc_1,
          nicolae_vaults_windows_and_doors_thing,
          nicolae_vaults_little_squares_6, vaults_room_stairs_pillars,
          ontoclasm_vaults_pinch, layout_vaults_omnicross, serial_shops,
          nicolae_shop_waterfront
Vaults:3: serial_shops, uniq_boris
Crypt:1:  layout_regular_city, mu_enter_wizlab_5, fountainhead
Crypt:2:  due_elkab, layout_chaotic_city, tomb_entry_shell_bobbens,
          nicolae_crypt_cryptocurrency
Tomb:1
Tomb:2
Tomb:3
Depths:1: layout_cave_pools, minmay_strange_pillars, pf_coc_iceberg,
          serial_shops, shop_statue, minmay_hidden_floor
Depths:2: kennysheep_six_static_rooms, layout_gridlike, grunt_mini_vestibule,
          abyss_entry_glasseish, serial_sigils_hangedman_scratch,
          minmay_staircase_bubble, uniq_asterion
Depths:3: dreamdust_merry_men, layout_gridlike, minmay_room_of_horrors,
          grunt_pan_entry_spiral, hell_entry, chequers_serial_rivers_small_a,
          enter_trove_0, st_stairs_9
Depths:4: evilmike_diamond_1, layout_gridville, enter_ziggurat_b,
          corexii_leaking_fountain, hell_entry,
          nicolae_abyss_entry_one_way_or_another, serial_shops, bzr_entry_gold,
          minmay_door_square, serial_bayou_shore_b, uniq_frederick, uniq_mennas,
          uniq_margery
Depths:5: evilmike_zot_entry_gauntlet, layout_gridlike,
          grunt_hell_entry_dis_grunt, evilmike_spriggan_trog_shrine,
          kennysheep_random_hallway
Hell
Dis:1:    layout_regular_city, hangedman_dis_decor_tower, evilmike_ambush
          [evilmike_ambush_outer_basic, evilmike_ambush_inner_cross]
Dis:2:    iron_city_of_dis [dis_mu, dis_wall_5], layout_chaotic_city
Geh:1:    layout_gehenna_lava_caves, gehenna_fire_generator
Geh:2:    geh_mu
Coc:1:    layout_cocytus_water_paths
Coc:2:    coc_mu
Tar:1:    layout_catacombs
Tar:2:    tar_grunt_cathedral
Zot:1:    layout_gridlike, grunt_megastairs_2
Zot:2:    nicolae_moth_party, layout_basic, lemuel_elevator
Zot:3:    layout_cathedral_of_symmetry, hangedman_zot_wheel_spokes,
          zot_minivault_5
Zot:4:    layout_onion, st_stairs_1
Zot:5:    layout_basic

Table legend:
 A = Turns spent in this place as a percentage of turns spent in the entire game.
 B = Non-inter-level travel turns spent in this place as a percentage of non-inter-level travel turns spent in the entire game.
 C = Inter-level travel turns spent in this place as a percentage of turns spent in this place.
 D = Turns resting spent in this place as a percentage of non-inter-level travel turns spent in this place.
 E = Turns spent auto-exploring this place as a percentage of non-inter-level travel turns spent in this place.
 F = Non-inter-level travel turns spent in this place divided by the number of levels of this place that you've seen.
                   A       B       C       D       E      F
               +-------+-------+-------+-------+-------+----------------------
         Total | 100.0 | 100.0 |   9.8 |   7.9 |  58.6 | 640.0
       Dungeon |  22.2 |  21.9 |  10.8 |  10.8 |  64.8 | 1017.3
        Temple |   0.7 |   0.6 |  19.5 |   0.0 |  95.4 | 327.0
          Lair |  12.2 |  12.1 |  10.5 |   7.6 |  70.5 | 1126.0
         Swamp |   4.4 |   4.7 |   4.3 |  12.0 |  62.8 | 874.7
   Spider Nest |   3.5 |   3.7 |   6.9 |  12.0 |  64.7 | 680.3
    Slime Pits |   2.9 |   2.7 |  15.6 |   4.8 |  64.9 | 298.6
  Orcish Mines |   2.0 |   1.6 |  25.3 |   6.5 |  62.9 | 906.0
   Elven Halls |   5.3 |   5.7 |   3.3 |   4.9 |  65.3 | 1056.7
        Vaults |   9.0 |   8.4 |  16.2 |   5.6 |  63.5 | 1552.7
         Crypt |   3.8 |   3.7 |  10.8 |   0.0 |  71.8 | 1036.5
          Tomb |   2.8 |   2.8 |  10.2 |  12.6 |  43.8 | 516.7
        Depths |  10.8 |  10.0 |  16.5 |   1.5 |  72.7 | 1110.6
          Hell |   0.8 |   0.8 |   1.1 |  13.9 |  17.5 | 468.0
           Dis |   2.5 |   2.7 |   2.4 |  12.3 |  23.8 | 763.5
       Gehenna |   1.6 |   1.6 |  11.7 |   9.5 |  11.6 | 436.0
       Cocytus |   0.7 |   0.6 |  17.9 |   1.1 |   0.0 | 176.0
      Tartarus |   0.7 |   0.7 |   6.2 |   9.6 |   0.0 | 202.5
           Zot |   1.6 |   1.7 |   6.7 |  10.2 |  25.7 | 185.4
         Abyss |   1.4 |   1.5 |   0.0 |   1.3 |  51.5 | 210.0
   Pandemonium |   7.8 |   8.7 |   0.0 |  11.0 |  33.1 | 321.6
        Bazaar |   0.5 |   0.6 |   0.0 |   0.0 |  62.3 | 111.3
         Trove |   0.1 |   0.1 |   0.0 |   0.0 |  11.1 |  54.0
        Wizlab |   0.8 |   0.9 |   0.0 |   4.1 |  40.5 | 489.0
    Desolation |   1.3 |   1.4 |   0.0 |   6.9 |  61.5 | 793.0
      Gauntlet |   0.7 |   0.8 |   0.0 |  15.1 |  37.2 | 438.0
               +-------+-------+-------+-------+-------+----------------------

Table legend:
 A = Kills in this place as a percentage of kills in entire the game.
 B = Kills by you in this place as a percentage of kills by you in the entire game.
 C = Kills by friends in this place as a percentage of kills by friends in the entire game.
 D = Other kills in this place as a percentage of other kills in the entire game.
 E = Experience gained in this place as a percentage of experience gained in the entire game.
 F = Experience gained in this place divided by the number of levels of this place that you have seen.
                   A       B       C       D       E      F
               +-------+-------+-------+-------+-------+----------------------
         Total | 100.0 | 100.0 | 100.0 | 100.0 | 100.0 | 36349.4
       Dungeon |   9.6 |   9.3 |   0.0 |  33.9 |   2.1 | 5589.0
          Lair |   4.8 |   4.9 |   0.0 |   0.0 |   1.5 | 8021.5
         Swamp |   3.8 |   3.8 |  50.0 |   0.0 |   2.5 | 26603.0
   Spider Nest |   5.8 |   5.9 |   0.0 |   0.0 |   3.0 | 31506.0
    Slime Pits |   2.6 |   2.4 |  50.0 |  10.7 |   2.7 | 17061.0
  Orcish Mines |   2.5 |   2.5 |   0.0 |   0.0 |   0.5 | 16361.0
   Elven Halls |   4.5 |   4.5 |   0.0 |   7.1 |   4.3 | 45758.7
        Vaults |   8.7 |   8.4 |   0.0 |  26.8 |   8.6 | 90407.7
         Crypt |   3.6 |   3.7 |   0.0 |   0.0 |   3.0 | 48037.0
          Tomb |   4.9 |   5.0 |   0.0 |   0.0 |   6.6 | 69758.3
        Depths |   9.8 |  10.0 |   0.0 |   0.0 |  11.7 | 73709.0
          Hell |   2.2 |   2.2 |   0.0 |   1.8 |   1.8 | 56233.0
           Dis |   6.5 |   6.6 |   0.0 |   0.0 |   9.2 | 145531.5
       Gehenna |   4.0 |   4.0 |   0.0 |   5.4 |   5.4 | 85659.5
       Cocytus |   3.7 |   3.7 |   0.0 |   1.8 |   3.7 | 58533.0
      Tartarus |   2.9 |   2.9 |   0.0 |   0.0 |   4.0 | 63543.0
           Zot |   3.8 |   3.9 |   0.0 |   1.8 |  10.3 | 65078.8
         Abyss |   2.1 |   2.1 |   0.0 |   0.0 |   1.4 | 10760.8
   Pandemonium |  10.7 |  10.8 |   0.0 |   7.1 |  15.4 | 32446.5
        Wizlab |   1.1 |   1.0 |   0.0 |   3.6 |   0.8 | 26335.0
    Desolation |   2.1 |   2.1 |   0.0 |   0.0 |   1.3 | 41373.0
      Gauntlet |   0.2 |   0.3 |   0.0 |   0.0 |   0.1 | 3208.0
               +-------+-------+-------+-------+-------+----------------------
